 Dungeon Crawl Stone Soup version 0.30-a0-381-g6ea064c7b4 (webtiles) character file.

Game seed: 6647991827843115576

1883911 MackTheKnife the Warmonger (level 27, 283/283 HPs)
             Began as a Hill Orc Reaver on Dec 1, 2022.
             Was a High Priest of Okawaru.
             Escaped with the Orb
             ... and 3 runes!
             The game lasted 02:17:20 (54863 turns).

MackTheKnife the Warmonger (Hill Orc Reaver)       Turns: 54863, Time: 02:17:21

Health: 283/283    AC: 61    Str: 32    XL:     27
Magic:  39/39      EV: 15    Int: 19    God:    Okawaru [*****.]
Gold:   1733       SH: 20    Dex: 13    Spells: 28/29 levels left

rFire   + + .      SeeInvis +    b - +9 broad axe (vamp) {axe}
rCold   + + .      Faith    .    F - +2 shield of Resistance {rF++ rC++ Will++}
rNeg    + + .      Spirit   .    L - +13 crystal plate armour "Diugoycu" {Rampage Regen+, rare=g}
rPois   +          Reflect  .    O - +2 helmet {SInv}
rElec   +          Harm     .    H - +2 cloak {Will+}
rCorr   +          Rampage  +    U - +2 pair of gloves
Will    +++++                    s - +2 pair of boots of Cynicism {rElec Will++ rCorr Dex-3}
Stlth   ..........               g - amulet of regeneration {@e2}
HPRegen 2.27/turn                k - ring "Qiasurphi" {+Blink rPois Str+4 Int+2}
MPRegen 0.26/turn                v - ring of Noubemn {rN++ rCorr Str+6 Dex+2 Stlth+}

@: heroic
A: clever 1, robust 1, noise suppression
0: Orb of Zot
}: 3/15 runes: serpentine, barnacled, silver
a: Renounce Religion, Evoke Blink, Heroism, Finesse, Duel


You escaped.
You worshipped Okawaru.
Okawaru was extremely pleased with you.
You visited 9 branches of the dungeon, and saw 47 of its levels.
You visited 2 bazaars.
You also visited: Ossuary, Gauntlet, Ice Cave, Volcano, Wizlab and Desolation.

You collected 6946 gold pieces.
You spent 5213 gold pieces at shops.


Innate Abilities, Weirdness & Mutations

Your mind is acute. (Int +4, Str/Dex -1)
You are robust. (+10% HP)
You passively dampen the noise of your surroundings.


   Skills:
 - Level 23.3(27) Fighting
 - Level 22.5(27) Axes
 - Level 22.4(27) Armour
 + Level 12.2(17.2) Dodging
 - Level 23.6(27) Shields
 - Level 1.5 Spellcasting
 - Level 3.0 Conjurations
 - Level 24.1 Invocations
 - Level 19.3 Evocations


You had 28 spell levels left.
You knew the following spells:

 Your Spells              Type           Power      Damage    Failure   Level
a - Kiss of Death         Conj/Necr      28%        2d7       41%         1

Your spell library contained the following spells:

 Spells                   Type           Power      Damage    Failure   Level
 Magic Dart               Conj           48%        1d5       24%         1
 Searing Ray              Conj           24%        2d5       36%         2
 Shock                    Conj/Air       28%        1d4       41%         1
 Momentum Strike          Conj/Tloc      14%        3d8       56%         2
 Static Discharge         Conj/Air       14%        2-3/arc   56%         2
 Beastly Appendage        Tmut           2%         N/A       63%         1
 Freeze                   Ice            4%         1d3       63%         1
 Sandblast                Erth           2%         2d4       63%         1
 Slow                     Hex            4%         N/A       63%         1
 Sting                    Tmut/Pois      4%         1d3       63%         1
 Blink                    Tloc           2%         N/A       77%         2
 Cigotuvi's Dreadful Rot  Necr/Pois/Air  2%         N/A       77%         2
 Ensorcelled Hibernation  Hex/Ice        2%         N/A       77%         2
 Passwall                 Tmut/Erth      0%         N/A       77%         2
 Poisonous Vapours        Pois/Air       2%         N/A       77%         2
 Dazzling Flash           Conj/Hex       14%        N/A       80%         3
 Hailstorm                Conj/Ice       7%         3d4       80%         3
 Stone Arrow              Conj/Erth      14%        3d7       80%         3
 Confusing Touch          Hex            1%         N/A       94%         3
 Frozen Ramparts          Ice            2%         1d1       94%         3
 Gell's Gravitas          Tloc           1%         N/A       94%         3
 Ignite Poison            Fire/Tmut/Pois 1%         N/A       94%         3
 Inner Flame              Hex/Fire       1%         N/A       94%         3
 Kindle Blastsparks       Fire/Tloc/Air  2%         2d10      94%         3
 Lesser Beckoning         Tloc           2%         N/A       94%         3
 Ozocubu's Armour         Ice            1%         N/A       94%         3
 Portal Projectile        Hex/Tloc       2%         N/A       94%         3
 Spider Form              Tmut/Pois      1%         N/A       94%         3
 Swiftness                Air            1%         N/A       94%         3
 Teleport Other           Tloc           1%         N/A       94%         3
 Vampiric Draining        Necr           1%         2d6       94%         3
 Flame Wave               Conj/Fire      7%         2d5       99%         4
 Fulminant Prism          Conj/Hex       3%         3d5       99%         4
 Iskenderun's Mystic Bla  Conj/Tloc      7%         2d4       99%         4
 Sticky Flame             Conj/Fire      7%         2d3       99%         4
 Airstrike                Air            0%         2d(1-17)  100%        4
 Cause Fear               Hex            0%         N/A       100%        4
 Dispel Undead            Necr           1%         3d6       100%        4
 Ice Form                 Ice/Tmut       1%         N/A       100%        4
 Leda's Liquefaction      Hex/Erth       0%         N/A       100%        4
 Olgreb's Toxic Radiance  Pois           1%         N/A       100%        4
 Petrify                  Tmut/Erth      1%         N/A       100%        4
 Agony                    Necr           1%         N/A       100%        5
 Fireball                 Conj/Fire      3%         3d4       100%        5
 Irradiate                Conj/Tmut      3%         3d12      100%        5
 Iskenderun's Battlesphe  Conj           12%        2d7       100%        5
 Lee's Rapid Deconstruct  Erth           0%         3d4*      100%        5
 Lightning Bolt           Conj/Air       3%         1d15      100%        5
 Metabolic Englaciation   Hex/Ice        0%         N/A       100%        5
 Silence                  Hex/Air        0%         N/A       100%        5
 Conjure Ball Lightning   Conj/Air       3%         3x3d6     100%        6
 Iron Shot                Conj/Erth      3%         9d2       100%        6
 Statue Form              Tmut/Erth      0%         N/A       100%        6
 Dragon Form              Tmut           0%         N/A       100%        7
 Orb of Destruction       Conj           6%         9d6       100%        7
 Ozocubu's Refrigeration  Ice            0%         4d7       100%        7
 Storm Form               Tmut/Air       0%         N/A       100%        7
 Discord                  Hex            0%         N/A       100%        8
 Disjunction              Tloc           0%         N/A       100%        8
 Ignition                 Fire           0%         3d3       100%        8
 Lehudib's Crystal Spear  Conj/Erth      3%         10d3      100%        8
 Maxwell's Capacitive Co  Air            0%         ∞         100%        8
 Summon Small Mammal      Summ           Unusable   N/A       N/A         1
 Call Canine Familiar     Summ           Unusable   N/A       N/A         3
 Summon Guardian Golem    Hex/Summ       Unusable   N/A       N/A         3
 Animate Armour           Summ/Erth      Unusable   N/A       N/A         4
 Animate Dead             Necr           Unusable   N/A       N/A         4
 Summon Ice Beast         Ice/Summ       Unusable   N/A       N/A         4
 Summon Lightning Spire   Summ/Air       Unusable   N/A       N/A         4
 Summon Forest            Summ/Tloc      Unusable   N/A       N/A         5
 Summon Mana Viper        Hex/Summ       Unusable   N/A       N/A         5
 Simulacrum               Ice/Necr       Unusable   N/A       N/A         6
 Summon Cactus Giant      Summ           Unusable   N/A       N/A         6
 Haunt                    Necr/Summ      Unusable   N/A       N/A         7
 Malign Gateway           Summ/Tloc      Unusable   N/A       N/A         7
 Monstrous Menagerie      Summ           Unusable   N/A       N/A         7
 Spellforged Servitor     Conj/Summ      Unusable   N/A       N/A         7
 Infestation              Necr           Unusable   N/A       N/A         8
 Summon Horrible Things   Summ           Unusable   N/A       N/A         8
 Dragon's Call            Summ           Unusable   N/A       N/A         9

Inventory:

Hand Weapons
 b - a +9 vampiric broad axe (weapon) {axe}
   (Okawaru gifted it to you on level 1 of the Snake Pit)
 I - the +3 Elemental Staff {rElec rF++ rC++ AC+5}
   (You found it in the Desolation of Salt)

   If the wielder is skilled in Evocations, they can discharge powerful blasts
   of elemental energy when striking with it.
   It enhances your fire, ice, earth and air magic.
   AC:        It affects your AC (+5).
   rF:        It greatly protects you from fire.
   rC:        It greatly protects you from cold.
   rElec:     It insulates you from electricity.
 P - a +0 executioner's axe of electrocution {axerare=g}
   (Okawaru gifted it to you on level 4 of the Lair of Beasts)
Armour
 a - quicksilver dragon scales {rare}
   (You found it on level 1 of the Realm of Zot)
 s - the +2 pair of boots of Cynicism (worn) {rElec Will++ rCorr Dex-3}
   (You acquired it on level 1 of the Vaults)

   Dex:       It affects your dexterity (-3).
   rElec:     It insulates you from electricity.
   rCorr:     It protects you from acid and corrosion.
   Will:      It greatly increases your willpower.
 B - the +2 cloak of the Thief {*Fog Slay-2 SInv Stlth+}
   (You found it in a wizard's laboratory)

   It may release a thick cloud of smoke when the wearer is hurt.
   Slay:      It affects your accuracy & damage with ranged weapons and melee
   (-2).
   SInv:      It lets you see invisible.
   Stlth:     It makes you more stealthy.
 F - the +2 shield of Resistance (worn) {rF++ rC++ Will++}
   (You bought it in a shop on level 10 of the Dungeon)

   rF:        It greatly protects you from fire.
   rC:        It greatly protects you from cold.
   Will:      It greatly increases your willpower.
 H - a +2 cloak of willpower (worn)
   (You found it in the Desolation of Salt)
 L - the +13 crystal plate armour "Diugoycu" (worn) {Rampage Regen+, rare=g}
   (Okawaru gifted it to you on level 4 of the Depths)

   Regen:     It increases your rate of health regeneration.
   Rampage:   It bestows one free step when moving towards enemies.
 O - a +2 helmet of see invisible (worn)
   (You found it on level 3 of the Elven Halls)
 T - the +3 pair of seven-league boots {Rampage+∞}
   (Okawaru gifted it to you on level 4 of the Snake Pit)

   Its wearer moves as far as possible in that direction when moving towards
   enemies.
 U - a +2 pair of gloves (worn)
   (You found it on level 3 of the Depths)
Jewellery
 g - an amulet of regeneration (around neck) {@e2}
   (You found it on level 9 of the Dungeon)
 k - the ring "Qiasurphi" (left hand) {+Blink rPois Str+4 Int+2}
   (You took it off a deep elf annihilator on level 5 of the Vaults)

   [ring of poison resistance]

   Str:       It affects your strength (+4).
   Int:       It affects your intelligence (+2).
   rPois:     It protects you from poison.
   +Blink:    It lets you blink.
 v - the ring of Noubemn (right hand) {rN++ rCorr Str+6 Dex+2 Stlth+}
   (You took it off a deep elf demonologist on level 3 of the Elven Halls)

   [ring of strength]

   Str:       It affects your strength (+6).
   Dex:       It affects your dexterity (+2).
   rN:        It greatly protects you from negative energy.
   rCorr:     It protects you from acid and corrosion.
   Stlth:     It makes you more stealthy.
 G - the ring "Soukkalumm" {rN+ Str-4 Slay+6}
   (You found it in the Desolation of Salt)

   [ring of positive energy]

   Str:       It affects your strength (-4).
   Slay:      It affects your accuracy & damage with ranged weapons and melee
   (+6).
   rN:        It protects you from negative energy.
 M - a ring of flight
   (You found it on level 2 of the Vaults)
 S - a ring of poison resistance
   (You bought it in a shop on level 2 of the Snake Pit)
Wands
 f - a wand of roots (33)
   (You found it on level 8 of the Dungeon)
 A - a wand of mindburst (25)
   (You found it on level 5 of the Lair of Beasts)
 N - a wand of digging (18)
   (You found it on level 12 of the Dungeon)
 Z - a wand of light (16)
   (You found it on level 8 of the Dungeon)
Scrolls
 c - 6 scrolls of fear
 e - 2 scrolls of summoning
 i - 2 scrolls of brand weapon
 r - 2 scrolls of blinking {!r}
 u - 9 scrolls of teleportation {@r4}
 z - 4 scrolls of silence {!r}
 E - 10 scrolls of poison {!r}
 K - 2 scrolls of enchant weapon
 V - 4 scrolls of immolation {!r!r}
Potions
 d - 9 potions of haste {@q3}
 j - 12 potions of curing {@q1}
 l - 4 potions of might
 m - 3 potions of magic
 n - 6 potions of invisibility
 o - 6 potions of flight
 p - 5 potions of ambrosia
 w - 2 potions of berserk rage {!q}
 x - 12 potions of lignification {!q}
 C - 5 potions of cancellation
 J - 8 potions of attraction {!q}
 Q - 2 potions of resistance
 R - 9 potions of heal wounds {@q2}
 X - a potion of mutation {!q}
Miscellaneous
 h - a phial of floods
   (You found it on level 1 of the Shoals)
 q - a box of beasts
   (You found it on level 3 of the Elven Halls)
 y - a lightning rod (4/4)
   (You found it on level 2 of the Vaults)
 D - a tin of tremorstones (2/2) {throwing}
   (You found it on level 4 of the Shoals)
 Y - a condenser vane
   (You found it on level 14 of the Dungeon)

Dungeon Overview and Level Annotations

Branches:
Dungeon (15/15)            Temple (0/1) D:7            Lair (5/5) D:8
 Shoals (4/4) Lair:3        Snake (4/4) Lair:3        Slime (0/5) Lair:4
    Orc (2/2) D:10            Elf (3/3) Orc:2        Vaults (5/5) D:14
  Crypt (0/3) Vaults:2     Depths (4/4) D:15            Zot (5/5) Depths:4
Ossuary (visited)           IceCv (visited)         Volcano (visited)
 WizLab (visited)         Desolation (visited)      Gauntlet (visited)

Altars:
Cheibriados
Elyvilon
Fedhas
Kikubaaqudgha
Makhleb
Nemelex Xobeh
Okawaru
Ru
Sif Muna
Uskayaw
Vehumet
Zin
The Shining One

Shops:
D:10 *   Orc:1 *   Orc:2 ?[(!   Shoals:2 (   Snake:2 =   Snake:3 *   Vaults:2 ?
Vaults:3 ?   Vaults:5 !!!?!(   Depths:1 *   Depths:4 ([

Portals:
Hell: Depths:1 Depths:2 Depths:3 Depths:4
Abyss: Depths:3
Pandemonium: Depths:2 Depths:4
Ziggurat: Depths:3

Annotations:
D:4 Eustachio
D:5 exclusion: downstairs
D:7 1 runed translucent door, exclusion: ice statue, Crazy Yiuf
D:9 exclusions: obsidian statue and orange crystal statue
D:10 2 runed translucent doors, exclusion: orange crystal statue
Lair:4 3 runed translucent doors, Vyorgh's ghost, journeyman TeWr
Elf:2 3 runed translucent doors
Depths:2 exclusion: orange crystal statue
Zot:1 exclusion: 2 downstairs
Zot:2 4 transporters
Zot:3 exclusion: 2 upstairs

#..# #............+............
##..####.##.##.#.##.#............
....##..............##..###.#...#
................................#
.......###################..#...#
##..##...## ##....#...#
..........# ######### #..........
....##....###...8...###.....##.##
....##....##..8.@.8..##.....##.##
..........#8.........8#..........
....##.......8.....8..)....######
....##....#8.........8#..........
..........##..8...8..##.....#####
..........###...8...###..........
....##....# ######### #.....#####
..#......## ##....#
###.##.###################..#####


There were no monsters in sight!


Message History

(P) Snake Pit (M) Slime Pits (O) Orcish Mines (E) Elven Halls (V) Vaults (C) Crypt (U) Depths (H) Hell (Z) Zot
Where to? (Enter - D:1, ? - help)
What level of the Dungeon? (default 1, ? - help)
You feel yourself slow down.
There is a stone staircase leading up here.
You climb upwards.
Level annotation: 1 runed translucent door, exclusion: ice statue, Crazy Yiuf
There is a stone staircase leading down here.
You feel a little less mighty now.
Things that are here:
a +0 buckler; a +0 trident {polearm} An efreet comes into view.
It is wielding a +0 scimitar of flaming. 😕 HP[+91]
You regained 91 hp, and now have 278/283 hp.
Unknown command.
(D) Dungeon (T) Temple (L) Lair (A) Shoals (P) Snake Pit (M) Slime Pits (O) Orcish Mines (E) Elven Halls (V) Vaults (C) Crypt (U) Depths (H) Hell (Z) Zot
Where to? (Enter - D:1, ? - help)
Okay, then.
Unknown command. 😕 HP[+2]
You regained 2 hp, and now have 280/283 hp. 😕 HP[+2]
You regained 2 hp, and now have 282/283 hp. 😎 HP[+1]
Your hp is fully restored (283).
There is a stone staircase leading up here.
You climb upwards.
There is a stone staircase leading down, spattered with blood here.
(D) Dungeon (T) Temple (L) Lair (A) Shoals (P) Snake Pit (M) Slime Pits (O) Orcish Mines (E) Elven Halls (V) Vaults (C) Crypt (U) Depths (H) Hell (Z) Zot
Where to? (Enter - D:1, ? - help)
What level of the Dungeon? (default 1, ? - help)
Things that are here:
a +0 whip {mace}; a gnoll skeleton
Items here: ))))).
There is a stone staircase leading up here.
You climb upwards.
Level annotation: exclusion: downstairs
There is a stone staircase leading down here.
Your hands slow down.
A Vonkyed, a chaos spawn and a small abomination come into view.
You feel yourself speed up.
The chaos spawn screeches!
An Orb Guardian comes into view.
Okay, then.
Unknown command.
There is a stone staircase leading up here.
You climb upwards.
Level annotation: Eustachio
There is a stone staircase leading down, spattered with blood here.
Eustachio mumbles some strange words.
Eustachio blinks!
Your extra speed is starting to run out.
There is an escape hatch in the ceiling here.
Unknown command.
A mysterious force pulls you upwards. The hatch slams shut behind you.
You feel yourself slow down.
There is a stone staircase leading up here.
Unknown command.
You feel yourself speed up.
You gain the combat prowess of a mighty hero. 😎 MP[-2]
You lost 2 mp, and now have 37/39 mp.
You can't go down here!
You climb upwards.
There is a stone staircase leading down here.
(D) Dungeon (T) Temple (L) Lair (A) Shoals (P) Snake Pit (M) Slime Pits (O) Orcish Mines (E) Elven Halls (V) Vaults (C) Crypt (U) Depths (H) Hell (Z) Zot
Where to? (Enter - D:3 @ (x,y), ? - help)
What level of the Dungeon? (default 1, ? - help)
A giant cockroach comes into view.
There is a stone staircase leading up here. 😎 MP[+2]
Your mp is fully restored (39).
Unknown command.
Unknown command.
(D) Dungeon (T) Temple (L) Lair (A) Shoals (P) Snake Pit (M) Slime Pits (O) Orcish Mines (E) Elven Halls (V) Vaults (C) Crypt (U) Depths (H) Hell (Z) Zot
Where to? (Enter - D:1, ? - help)
There is a stone staircase leading up here.
You climb upwards.
There is a stone staircase leading down here.
You see here a frilled lizard skeleton.
Your extra speed is starting to run out.
You feel yourself slow down.
There is a staircase leading out of the dungeon here.
Unknown command.
Unknown command.
You have escaped!

Skill      XL: |  1  2  3  4  5  6  7  8  9 10 11 12 13 14 15 16 17 18 19 20 21 22 23 24 25 26 27 |
---------------+----------------------------------------------------------------------------------+-----
Fighting       | 3 5 6 7 9 11 12 16 18 19 20 23 | 23.3
Axes           | 5 7 9 14 18 20 22 | 22.5
Armour         | 2 4 6 8 10 13 15 18 20 22 | 22.4
Dodging        | 4 5 10 12 | 12.2
Invocations    | 7 15 16 23 24 | 24.1
Shields        | 3 12 15 18 20 23 | 23.6
Evocations     | 4 11 16 19 | 19.3
Spellcasting   | |  1.5
Conjurations   | |  3.0

Action                   |  1- 3 |  4- 6 |  7- 9 | 10-12 | 13-15 | 16-18 | 19-21 | 22-24 | 25-27 || total
-------------------------+-------+-------+-------+-------+-------+-------+-------+-------+-------++-------
Melee: Whip              |    94 |   153 |   741 |    16 |       |       |       |       |       ||  1004
       Hand axe          |     1 |       |       |       |       |       |       |       |       ||     1
       Punch             |     1 |     1 |    15 |       |       |       |       |       |       ||    17
       Battleaxe         |       |       |       |   464 |   500 |       |       |       |       ||   964
       War axe           |       |       |       |       |   443 |    77 |       |       |       ||   520
       Flail             |       |       |       |       |    20 |       |       |       |       ||    20
       Broad axe         |       |       |       |       |       |  1283 |  1822 |  1610 |  1846 ||  6561
Throw: Boomerang         |       |       |    10 |       |       |       |       |       |       ||    10
Invok: Heroism           |       |       |     1 |     5 |    16 |    34 |    31 |    28 |    23 ||   138
       Finesse           |       |       |       |       |     7 |     9 |    11 |    14 |    16 ||    57
Evoke: Wand              |       |       |       |       |     5 |       |     2 |       |     2 ||     9
       Condenser vane    |       |       |       |       |       |       |     1 |     2 |       ||     3
  Use: Potion            |       |     7 |     7 |     2 |     5 |     3 |     3 |     3 |    20 ||    50
       Scroll            |       |     4 |    12 |    12 |     7 |     6 |     9 |    11 |     6 ||    67
 Stab: Invisible         |       |       |       |       |    28 |       |       |       |       ||    28
       Distracted        |       |       |       |       |     1 |     1 |       |       |       ||     2
       Sleeping          |       |       |       |       |       |     1 |       |       |       ||     1
       Paralysed         |       |       |       |       |       |       |       |     1 |       ||     1
Armor: Leather armour    |     1 |       |       |       |       |       |       |       |       ||     1
       Scale mail        |    29 |    61 |   346 |   214 |   342 |   360 |   157 |       |       ||  1509
       Ring mail         |     1 |       |       |       |       |       |       |       |       ||     1
       Skin              |       |       |    55 |       |       |       |       |       |       ||    55
       Chain mail        |       |       |       |       |       |       |   403 |   309 |       ||   712
       Gold dragon scale |       |       |       |       |       |       |       |   404 |   154 ||   558
       Crystal plate arm |       |       |       |       |       |       |       |       |   671 ||   671
Dodge: Dodged            |    39 |    53 |   287 |   209 |   318 |   466 |   546 |   445 |   423 ||  2786
Block: Kite shield       |       |       |       |       |   254 |   973 |   955 |  1063 |   996 ||  4241

Levels and vault maps discovered:
D:1:      erik_arrival_orb_chamber, layout_basic, serial_corexii_hall,
          corexii_hall_statues_x, corexii_hall_statues_l, st_stairs_10
D:2:      layout_basic
D:3:      layout_loops_corners, uniq_sigmund
D:4:      layout_basic, minmay_misc_feat_diagonals
D:5:      wad_woods_stonehenge, layout_basic, nicolae_overflow_crystal_walls,
          chequers_ossuary_entry_cave, uniq_eustachio
D:6:      layout_basic, kennysheep_okawaru_gauntlet, portal_sewer_entry_b
D:7:      lemuel_ice_statue, layout_cave_pools, mainiacjoe_overflow_catwalk,
          lemuel_tele_altar, minmay_temple_entry_enclosed_plants,
          uniq_prince_ribbit1, uniq_crazy_yiuf_cottage
D:8:      layout_basic, mainiacjoe_overflow_brackets,
          makhleb_blood_cavern_becter, mainiacjoe_overflow_catch_the_wave,
          kiku_gazebo_garden_becter, lemuel_crystal_altar, lair_entry_dummy,
          uniq_grum
D:9:      minmay_separated_statues, layout_basic
D:10:     layout_basic, kennysheep_little_box, orc_0_dummy, serial_shops, shop,
          minmay_statue_crystal_thing
D:11:     layout_loops_cross, nicolae_uskayaw_dance_studio
D:12:     layout_basic, nicolae_elyvilon_temple_path, uniq_lodul
D:13:     layout_loops_ring, serial_shops, bzr_entry_islet
D:14:     layout_loops_ring, david_vaults_4, minmay_misc_feat_iff, minivault_27
D:15:     hangedman_depths_entry_try_elsewhere_first, layout_irregular_city,
          chequers_serial_rivers_micro_b
Lair:1:   layout_gridlike, columned_hall_lemuel, dreamdust_mushroom_princess,
          uniq_fannar
Lair:2:   layout_roguey, enter_volcano_3
Lair:3:   layout_gridlike, minmay_shoals_entry_beasts,
          minmay_snake_entry_six_corridors, wad_woods_road_01
Lair:4:   layout_cave_pods, slime_entry_1, gammafunk_ghost_split
Lair:5:   minmay_lair_end_frog_pond, layout_loops_ring, gauntlet_entry_generic
Shoals:1: layout_shoals
Shoals:2: layout_shoals, serial_shops, shop
Shoals:3: layout_shoals, nicolae_shoals_wave_tunnel
Shoals:4: shoals_end_simple, layout_shoals, shoals_ilsuiw_alternative,
          lightli_airlock, uniq_kirke
Snake:1:  layout_gridlike, nicolae_snake_coiling_death, nicolae_triple_integral,
          uniq_louise
Snake:2:  layout_gridlike, serial_shops, shop, uniq_mlioglotl
Snake:3:  layout_concentric_octagons, serial_shops, shop,
          hangedman_venom_bottle, serial_bayou_shore_a
Snake:4:  snake_pit_salamanders_mu, layout_misc_corridors
Orc:1:    layout_caves, serial_shops, shop, kennysheep_orc_sif_temple
Orc:2:    grunt_orc_tribal_feast, layout_caves, nicolae_orc_rockfall,
          uniq_snorg, uniq_josephine
Elf:1:    layout_geoelf_octagon, serial_co_window_serial,
          co_window_of_opportunity_a, co_window_of_opportunity_a,
          co_window_paths_a, co_window_corner_a, co_window_paths_b,
          co_window_broadway_c, co_window_corner_b, co_window_unsneaky_path_a,
          co_window_4corner_b, co_window_4corner_a, glass_columns_a,
          glass_columns_a, glass_columns_a, hangedman_elf_represent
Elf:2:    nicolae_elf_blades_splatter_lattice
          [nicolae_blade_entry_area_security], layout_geoelf_octagon,
          serial_glass, glass_columns_a, glass_columns_c
Elf:3:    minmay_elf_hall_not_hex, layout_geoelf_octagon, serial_shops,
          bzr_in_the_mist, portal_ice_cave_entry_ice_statue_two
Vaults:1: grunt_vaults_funnel, vaults_room_guarded_vault,
          nicolae_vaults_little_squares_1, vaults_mumra_chevron,
          nicolae_vaults_shelves_hall, hangedman_vaults_stretched_pinwheel,
          grunt_vaults_swirl, v_pattern_4, v_misc_10,
          nicolae_vaults_mini_display_case, layout_vaults_big_room
Vaults:2: v_rooms_3, minmay_crypt_entry_simple_statues, v_rooms_4,
          nicolae_vaults_disjoint_gnomons, nicolae_vaults_little_squares_3,
          v_rooms_2, nicolae_vaults_angled_halls,
          nicolae_vaults_little_squares_5, v_misc_12, vaults_dpeg_ring,
          layout_vaults_maze_snakey, serial_shops, shop, uniq_margery
Vaults:3: mu_enter_wizlab_2, v_misc_1, ontoclasm_vaults_pinch,
          nicolae_vaults_alarming, nicolae_vaults_bisected_inception,
          nicolae_vaults_bisected_exclaves, vaults_room_hallway, v_misc_16,
          v_rooms_4, nicolae_vaults_gold_heap, ontoclasm_vaults_gallery,
          v_misc_5, hangedman_vaults_trim, layout_vaults_omnicross,
          serial_shops, nicolae_shop_temple_entry_statues_fountains, uniq_mennas
Vaults:4: portal_desolation_entry_holy_temple, ontoclasm_vaults_claustrophobia,
          hangedman_vaults_nails, ontoclasm_vaults_ligature,
          ontoclasm_vaults_bender, hangedman_vaults_cutoff,
          vaults_dpeg_encased_lava, dpeg_vaults_monster_box,
          layout_vaults_quadrants
Vaults:5: uniq_jory, uniq_mara
Depths:1: layout_roguey, nicolae_hell_entry_big_baal_hell,
          kennysheep_generic_room_10
Depths:2: lemuel_river_lethe, abyss_entry, pan_entry, hell_entry
Depths:3: mu_elephants_graveyard, layout_cave_pools, enter_ziggurat_a,
          hell_entry, abyss_entry, chequers_big_river, minmay_staircase_statues,
          uniq_grunn, uniq_sojobo
Depths:4: grunt_zot_entry_bicorn, layout_cave_pools, hangedman_geh_valley,
          chequers_serial_rivers_room_b, rand_demon_pan_entry_3, serial_shops,
          nicolae_shop_bloodbath_and_beyond, shop, serial_sigils,
          serial_sigils_hangedman_scratch, serial_sigils_hangedman_stare,
          serial_sigils_hangedman_gnaw, serial_sigils_hangedman_carve,
          serial_sigils_hangedman_snap, serial_sigils_hangedman_quiver,
          drop_trap, chequers_serial_rivers_micro_e
Zot:1:    nicolae_zot_stationary_front, layout_onion, st_stairs_3,
          grunt_megastairs_4
Zot:2:    layout_basic, serial_nicolae_subway, nicolae_sub_station_metal,
          nicolae_sub_station_stone, nicolae_sub_station_crystal,
          lemuel_elevator, grunt_megastairs_1, uniq_parghit
Zot:3:    lemuel_halls_of_wrath, layout_onion_interference
Zot:4:    layout_basic
Zot:5:    layout_misc_corridors

Notes
Turn   | Place    | Note
-------+----------+-------------------------------------------
     0 | D:1      | MackTheKnife the Hill Orc Reaver began the quest for the
                  | Orb.
     0 | D:1      | Reached XP level 1. HP: 18/18 MP: 3/3
     0 | D:1      | magus.rc [v1.9.6]
   117 | D:1      | Reached XP level 2. HP: 25/25 MP: 4/4
   256 | D:1      | Reached skill level 3 in Fighting
   303 | D:1      | You pick up a book of Hexes and begin reading...
   303 | D:1      | You add the spells Inner Flame, Cause Fear and Discord to
                  | your library.
   375 | D:1      | Reached XP level 3. HP: 31/31 MP: 5/5
   712 | D:1      | Reached skill level 5 in Axes
  1362 | D:2      | Reached XP level 4. HP: 37/40 MP: 6/6
  1635 | D:2      | Reached skill level 4 in Fighting
  2362 | D:3      | Noticed Sigmund
  2392 | D:3      | Killed Sigmund
  2393 | D:3      | Reached skill level 5 in Fighting
  2393 | D:3      | Reached skill level 7 in Axes
  2393 | D:3      | Reached XP level 5. HP: 31/48 MP: 7/7
  2393 | D:3      | Reached XP level 6. HP: 36/56 MP: 8/8
  2540 | D:3      | You pick up a book of Geomancy and begin reading...
  2540 | D:3      | You add the spells Sandblast, Passwall and Stone Arrow to
                  | your library.
  3047 | D:3      | You pick up a book of Debilitation and begin reading...
  3047 | D:3      | You add the spells Slow, Vampiric Draining and Confusing
                  | Touch to your library.
  3231 | D:4      | Reached skill level 6 in Fighting
  3231 | D:4      | Reached skill level 1 in Armour
  3273 | D:4      | Noticed a black bear
  3294 | D:4      | Reached skill level 2 in Armour
  3294 | D:4      | Reached XP level 7. HP: 43/64 MP: 9/9
  3707 | D:5      | Entered Level 5 of the Dungeon
  3736 | D:5      | Reached skill level 7 in Fighting
  3736 | D:5      | Reached skill level 3 in Armour
  3949 | D:5      | Reached skill level 4 in Armour
  4078 | D:5      | Found a blossoming altar of Fedhas.
  4127 | D:5      | Noticed Eustachio
  4268 | D:5      | Found a sand-covered staircase.
  4276 | Ossuary  | Entered an ossuary
  4351 | Ossuary  | Reached XP level 8. HP: 45/74 MP: 10/10
  5021 | Ossuary  | Reached skill level 8 in Fighting
  5350 | Ossuary  | Reached skill level 5 in Armour
  5714 | D:5      | Found a snail-covered altar of Cheibriados.
  5915 | D:6      | Noticed a hornet
  5920 | D:6      | Paralysed by a hornet for 3 turns
  5929 | D:6      | Noticed a hornet
  5950 | D:5      | Reached skill level 9 in Fighting
  5950 | D:5      | Reached skill level 6 in Armour
  6946 | D:6      | Killed a hornet
  6947 | D:6      | Reached XP level 9. HP: 85/85 MP: 11/11
  6959 | D:6      | Reached skill level 10 in Fighting
  6959 | D:6      | Reached skill level 8 in Axes
  7228 | D:6      | Paralysed by a hornet for 3 turns
  7248 | D:6      | Killed a hornet
  7545 | D:6      | Found an iron altar of Okawaru.
  7553 | D:6      | Became a worshipper of Warmaster Okawaru
  7704 | D:7      | Reached skill level 9 in Axes
  7786 | D:7      | Noticed Prince Ribbit
  7968 | D:7      | Found a runed translucent door.
  7969 | D:7      | Noticed Crazy Yiuf
  8088 | D:7      | Reached skill level 2 in Dodging
  8256 | D:7      | You pick up a book of Sloth and begin reading...
  8256 | D:7      | You add the spells Petrify, Metabolic Englaciation and
                  | Statue Form to your library.
  8305 | D:7      | Reached * piety under Okawaru
  8306 | D:7      | Reached skill level 11 in Fighting
  8320 | D:7      | Killed Prince Ribbit
  8321 | D:7      | Reached skill level 3 in Dodging
  8651 | D:7      | Found a staircase to the Ecumenical Temple.
  8777 | D:7      | Found a glowing silver altar of Zin.
  8964 | D:7      | Noticed an ice statue
  9079 | D:7      | Found a shimmering blue altar of Sif Muna.
  9167 | D:8      | Noticed Grum
  9324 | D:8      | Killed Grum
  9325 | D:8      | Reached skill level 4 in Dodging
  9325 | D:8      | Reached XP level 10. HP: 47/97 MP: 12/12
  9476 | D:8      | Found a snail-covered altar of Cheibriados.
  9500 | D:8      | Found an ancient bone altar of Kikubaaqudgha.
  9510 | D:8      | Reached skill level 12 in Fighting
  9647 | D:8      | Found a staircase to the Lair.
  9658 | D:8      | Reached ** piety under Okawaru
  9850 | D:8      | Reached skill level 10 in Axes
  9940 | D:8      | Found a hide-covered altar of Uskayaw.
 10149 | D:8      | Found a radiant altar of Vehumet.
 10504 | D:8      | Found a sacrificial altar of Ru.
 10573 | D:8      | Found a burning altar of Makhleb.
 10739 | D:8      | Reached skill level 11 in Axes
 10834 | D:8      | Reached *** piety under Okawaru
 10835 | D:8      | Reached skill level 12 in Axes
 11037 | D:9      | Noticed a gargoyle
 11050 | D:9      | Killed a gargoyle
 11293 | D:9      | Reached skill level 13 in Axes
 11322 | D:9      | Noticed an orange crystal statue
 11493 | D:9      | Reached **** piety under Okawaru
 11502 | D:9      | Reached skill level 14 in Axes
 11502 | D:9      | Reached XP level 11. HP: 91/104 MP: 13/13
 11752 | D:9      | Reached skill level 15 in Axes
 11925 | D:9      | Noticed an obsidian statue
 12178 | D:10     | Entered Level 10 of the Dungeon
 12264 | D:10     | Found Zevvikk's Assorted Antiques.
 12275 | D:10     | Bought a scroll labelled PEMAEG DINGU for 23 gold pieces
 12344 | D:10     | Found a staircase to the Orcish Mines.
 12409 | D:10     | Found a runed translucent door.
 12432 | D:10     | Found a runed translucent door.
 12455 | D:10     | Found a runed translucent door.
 12461 | D:10     | You pick up a book of Dangerous Friends and begin
                  | reading...
 12468 | D:10     | Found a runed translucent door.
 12479 | D:10     | Noticed an orange crystal statue
 12483 | D:10     | You pick up a book of Armaments and begin reading...
 12587 | D:10     | Received a gift from Okawaru
 12662 | D:10     | Found a sparkling altar of Nemelex Xobeh.
 13088 | Lair:1   | Entered Level 1 of the Lair of Beasts
 13125 | Lair:1   | Reached skill level 16 in Axes
 13249 | Lair:1   | Reached ***** piety under Okawaru
 13314 | Lair:1   | Identified the -1 helmet of Altruism {*Corrode rF+ Regen+
                  | Str+5}
 13420 | Lair:1   | Reached skill level 17 in Axes
 13550 | Lair:1   | Noticed Fannar
 13561 | Lair:1   | Killed Fannar
 13946 | Lair:2   | Received a gift from Okawaru
 13952 | Lair:2   | Reached skill level 18 in Axes
 13990 | Lair:2   | Reached XP level 12. HP: 101/112 MP: 14/14
 14048 | Lair:2   | Found a dark tunnel.
 14062 | Volcano  | Entered a volcano
 14093 | Volcano  | Noticed a two-headed ogre
 14110 | Volcano  | Killed a two-headed ogre
 14117 | Volcano  | Reached skill level 19 in Axes
 14191 | Volcano  | Reached skill level 2 in Invocations
 14277 | Lair:2   | Reached skill level 3 in Invocations
 14283 | Lair:2   | Identified the +3 pair of boots of the Gusle {Harm *Corrode
                  | Slay+3} (Okawaru gifted it to you on level 2 of the Lair of
                  | Beasts)
 14283 | Lair:2   | Received a gift from Okawaru
 14284 | Lair:2   | Reached skill level 4 in Invocations
 14465 | Lair:2   | Reached skill level 5 in Invocations
 14481 | Lair:2   | You pick up a book of Power and begin reading...
 14481 | Lair:2   | You add the spells Iskenderun's Battlesphere and Iron Shot
                  | to your library.
 14976 | Lair:3   | Found a staircase to the Shoals.
 15033 | Lair:3   | Reached skill level 20 in Axes
 15242 | Lair:3   | Reached skill level 7 in Armour
 15271 | Lair:3   | Reached skill level 8 in Armour
 15342 | Lair:3   | Found a staircase to the Snake Pit.
 15399 | Lair:3   | HP: 26/112 [poisoned by a black mamba]
 15404 | Lair:3   | HP: 20/112 [poisoned by a black mamba]
 15409 | Lair:3   | HP: 21/112 [poisoned by a black mamba]
 15589 | Lair:3   | Reached skill level 6 in Invocations
 15681 | Lair:3   | Reached skill level 7 in Invocations
 15682 | Lair:3   | Reached XP level 13. HP: 88/118 MP: 16/18
 15858 | Lair:3   | Reached skill level 8 in Invocations
 15981 | Lair:4   | Found a runed translucent gate.
 15981 | Lair:4   | Found a runed translucent gate.
 15982 | Lair:4   | Found a runed translucent gate.
 15984 | Lair:4   | Noticed Vyorgh's ghost (journeyman TeWr)
 16195 | Lair:4   | Reached skill level 9 in Invocations
 16220 | Lair:4   | Reached skill level 10 in Invocations
 16248 | Lair:4   | You pick up a book of Callings and begin reading...
 16288 | Lair:4   | Received a gift from Okawaru
 16291 | Lair:4   | w - a +0 executioner's axe of venom {axerare=g}
 16423 | Lair:4   | Reached skill level 11 in Invocations
 16475 | Lair:4   | Identified the +3 quarterstaff of Anger {freeze, rElec
                  | MP+9}
 16485 | Lair:4   | Found a staircase to the Slime Pits.
 17185 | Lair:5   | Entered Level 5 of the Lair of Beasts
 17196 | Lair:5   | Reached skill level 12 in Invocations
 17230 | Lair:5   | Reached skill level 13 in Invocations
 17232 | Lair:5   | Identified the +11 war axe of Utifack {drain, rF+ Str-2
                  | Dex+4} (Okawaru gifted it to you on level 5 of the Lair of
                  | Beasts)
 17232 | Lair:5   | Received a gift from Okawaru
 17260 | Lair:5   | Reached skill level 14 in Invocations
 17309 | Lair:5   | Reached ****** piety under Okawaru
 17324 | Lair:5   | Reached skill level 15 in Invocations
 17337 | Lair:5   | Reached XP level 14. HP: 107/126 MP: 25/25
 17425 | Lair:5   | Received a gift from Okawaru
 17446 | Lair:5   | Received a gift from Okawaru
 17481 | Lair:5   | Reached skill level 13 in Fighting
 17520 | Lair:5   | You add the spells Sting, Poisonous Vapours and Olgreb's
                  | Toxic Radiance to your library.
 17541 | Lair:5   | Found a gate leading to a gauntlet.
 17552 | Gauntlet | Entered a Gauntlet
 17552 | Gauntlet | Found a transporter.
 17561 | Gauntlet | Noticed a quicksilver ooze
 17612 | Gauntlet | Found a transporter.
 17624 | Gauntlet | Found a transporter.
 17628 | Gauntlet | Found a transporter.
 17642 | Gauntlet | Found a transporter.
 17662 | Gauntlet | Found a transporter.
 17675 | Gauntlet | Found a transporter.
 17692 | Gauntlet | Found a transporter.
 17700 | Gauntlet | Found a transporter.
 17704 | Gauntlet | Found a transporter.
 17715 | Gauntlet | Noticed a quicksilver ooze
 17729 | Gauntlet | Found a transporter.
 17733 | Gauntlet | Found a transporter.
 17807 | Gauntlet | Killed a quicksilver ooze
 17885 | Gauntlet | Identified the +1 helmet of the Trilobite {-Tele rPois
                  | Str+6 Int-5}
 17888 | Gauntlet | Identified the ring "Cacheaq" {Fire Fly Int+3 Dex-2}
 17915 | Gauntlet | Identified the +0 pair of boots of Living Life {rElec
                  | Str+3}
 17918 | Gauntlet | You pick up a book of Callings and begin reading...
 17945 | Gauntlet | Found the +9 staff of Wucad Mu {*channel}
 17960 | Gauntlet | Reached skill level 14 in Fighting
 17965 | Gauntlet | your +0 executioner's axe of venom {axerare=g} crackles
                  | with electricity.
 17965 | Gauntlet | w - a +0 executioner's axe of electrocution {axerare=g}
 18032 | Lair:5   | HP: 30/132 [acid (10)]
 18244 | Lair:5   | You pick up a book of Spatial Translocations and begin
                  | reading...
 18244 | Lair:5   | You add the spells Blink and Lesser Beckoning to your
                  | library.
 18305 | Lair:5   | You pick up a book of the Spheres and begin reading...
 18305 | Lair:5   | You add the spells Fireball and Conjure Ball Lightning to
                  | your library.
 18342 | Lair:5   | Received a gift from Okawaru
 18371 | Lair:5   | You pick up a book of Frost and begin reading...
 18371 | Lair:5   | You add the spells Freeze and Frozen Ramparts to your
                  | library.
 18394 | Lair:5   | Reached skill level 15 in Fighting
 19012 | Orc:1    | Entered Level 1 of the Orcish Mines
 19174 | Orc:2    | Entered Level 2 of the Orcish Mines
 19174 | Orc:2    | Noticed Snorg
 19174 | Orc:2    | Noticed Josephine
 19184 | Orc:2    | Killed Josephine
 19189 | Orc:2    | Killed Snorg
 19190 | Orc:2    | Reached skill level 16 in Fighting
 19338 | Orc:2    | Found a staircase to the Elven Halls.
 19925 | Orc:1    | Found Weomihaa's Assorted Antiques.
 20104 | Orc:1    | Found a shimmering blue altar of Sif Muna.
 20246 | D:10     | Bought the +2 shield of Resistance {rF++ rC++ Will++} for
                  | 1621 gold pieces
 20246 | D:10     | Found the +2 shield of Resistance {rF++ rC++ Will++}
 20348 | Orc:2    | Reached skill level 1 in Shields
 20352 | Orc:2    | Received a gift from Okawaru
 20352 | Orc:2    | Found the +18 Lear's hauberk
 20353 | Orc:2    | Reached skill level 2 in Shields
 20366 | Orc:2    | Reached skill level 3 in Shields
 20375 | Orc:2    | Reached XP level 15. HP: 71/146 MP: 21/26
 20377 | Orc:2    | Reached skill level 4 in Shields
 20382 | Orc:2    | HP: 35/146 [ynoxinul/iron shot[an orc high priest] (27)]
 20386 | Orc:2    | HP: 14/146 [ynoxinul/iron shot[an orc high priest] (27)]
 20391 | Orc:2    | HP: 34/146 [barbs]
 20539 | Orc:2    | Found Azie's Armour Boutique.
 20539 | Orc:2    | Found Fuqinor's Magic Scroll Shoppe.
 20562 | Orc:2    | Found Humimm's Distillery.
 20562 | Orc:2    | Found Unluadal's Antique Weapon Shoppe.
 20594 | Orc:2    | Bought a potion of might for 68 gold pieces
 20759 | D:11     | Reached skill level 5 in Shields
 20914 | D:11     | Reached skill level 6 in Shields
 21160 | D:11     | Found a hide-covered altar of Uskayaw.
 21314 | D:11     | Reached skill level 7 in Shields
 21512 | D:12     | Found a white marble altar of Elyvilon.
 22023 | D:12     | Noticed Lodul
 22045 | D:12     | Killed Lodul
 22046 | D:12     | Reached skill level 8 in Shields
 22321 | D:13     | You fall into a shaft and drop 2 floors!
 22321 | D:15     | Entered Level 15 of the Dungeon
 22612 | D:13     | Found a gateway to a bazaar.
 22644 | Bazaar   | Entered a bazaar
 22644 | Bazaar   | Found Acintafe's Magic Scroll Boutique.
 22644 | Bazaar   | Found Osilas's General Store.
 22662 | Bazaar   | Found Itintiud's Antique Weapon Emporium.
 22673 | Bazaar   | Found Hoecri's Antique Armour Shop.
 22681 | Bazaar   | Found Ollypur's Book Shop.
 22746 | Bazaar   | Bought a scroll of teleportation for 39 gold pieces
 22754 | Bazaar   | Bought a scroll of teleportation for 36 gold pieces
 22754 | Bazaar   | Bought a scroll of teleportation for 36 gold pieces
 22754 | Bazaar   | Bought a scroll of magic mapping for 90 gold pieces
 22785 | Bazaar   | Bought a bronze chain mail for 313 gold pieces
 22785 | Bazaar   | Identified the +0 chain mail of Honour {Int+4 Dex-4} (You
                  | bought it in a shop in a bazaar)
 22982 | D:13     | Reached skill level 9 in Shields
 23031 | D:13     | You pick up a book of Sloth and begin reading...
 23545 | D:14     | Reached skill level 10 in Shields
 23679 | D:14     | Received a gift from Okawaru
 23877 | D:14     | Reached skill level 11 in Shields
 23979 | D:14     | You pick up a book of Touch and begin reading...
 24415 | D:14     | Found a gate to the Vaults.
 24608 | D:15     | Reached skill level 12 in Shields
 24625 | D:15     | Received a gift from Okawaru
 24860 | D:15     | Reached XP level 16. HP: 133/154 MP: 27/27
 25005 | D:15     | Found a staircase to the Depths.
 25312 | Snake:1  | Entered Level 1 of the Snake Pit
 25313 | Snake:1  | magus.rc [v1.9.6]
 25456 | Snake:1  | Reached skill level 13 in Shields
 25769 | Snake:1  | Received a gift from Okawaru
 25770 | Snake:1  | Reached skill level 14 in Shields
 26047 | Snake:1  | HP: 32/154 [mana viper[a naga ritualist] (12)]
 26190 | Snake:1  | Noticed Louise
 26203 | Snake:1  | Killed Louise
 26205 | Snake:1  | i - a +1 eveningstar of draining {macerare=g}
 26612 | Snake:2  | Reached skill level 15 in Shields
 26622 | Snake:2  | Identified the +2 robe of the Shrike {+Blink Regen+ Str-4
                  | Int+5} (Okawaru gifted it to you on level 2 of the Snake
                  | Pit)
 26622 | Snake:2  | Received a gift from Okawaru
 26828 | Snake:2  | Found Kock's Jewellery Emporium.
 26835 | Snake:2  | Bought a ring of poison resistance for 260 gold pieces
 26895 | Snake:2  | Noticed Mlioglotl
 26911 | Snake:2  | Reached skill level 17 in Fighting
 26911 | Snake:2  | Killed Mlioglotl
 26912 | Snake:2  | Reached skill level 9 in Armour
 26991 | Snake:2  | You pick up a book of the Dragon and begin reading...
 27604 | Snake:2  | Reached skill level 10 in Armour
 27634 | Snake:2  | Identified the +1 leather armour of Distant Worlds {Str+3}
 27648 | Snake:2  | You drop a +1 eveningstar of draining {macerare=g}.
 27649 | Snake:2  | You drop a +0 executioner's axe of electrocution
                  | {axerare=g}.
 27650 | Snake:2  | w - a +0 executioner's axe of electrocution {axerare=g}
 27650 | Snake:2  | i - a +1 eveningstar of draining {macerare=g}
 27651 | Snake:2  | You drop a +1 eveningstar of draining {macerare=g}.
 28379 | Snake:2  | i - a +1 eveningstar of draining {macerare=g}
 28464 | Snake:3  | Found Ippuo's Assorted Antiques.
 28500 | Snake:3  | Noticed a nagaraja
 28510 | Snake:3  | Identified the +10 war axe of Okawaru, Hugging {protect,
                  | rCorr Int-5 Dex+4 Stlth+} (Okawaru gifted it to you on
                  | level 3 of the Snake Pit)
 28510 | Snake:3  | Received a gift from Okawaru
 28522 | Snake:3  | Killed a nagaraja
 28523 | Snake:3  | Reached skill level 18 in Fighting
 28649 | Snake:3  | Reached XP level 17. HP: 138/163 MP: 28/28
 28662 | Snake:3  | You pick up a book of the Sky and begin reading...
 28662 | Snake:3  | You add the spells Storm Form and Maxwell's Capacitive
                  | Coupling to your library.
 28726 | Snake:3  | Reached skill level 11 in Armour
 28784 | Snake:3  | Identified the +8 tower shield "Tidghajath" {Will+}
                  | (Okawaru gifted it to you on level 3 of the Snake Pit)
 28784 | Snake:3  | Received a gift from Okawaru
 29153 | Snake:3  | Reached skill level 12 in Armour
 29449 | Snake:4  | Entered Level 4 of the Snake Pit
 29583 | Snake:4  | Reached skill level 19 in Fighting
 30222 | Snake:4  | Reached skill level 13 in Armour
 30569 | Snake:4  | Received a gift from Okawaru
 30569 | Snake:4  | Found the +3 pair of seven-league boots {Rampage+∞}
 30570 | Snake:4  | Reached skill level 1 in Evocations
 30578 | Snake:4  | Reached skill level 2 in Evocations
 30629 | Snake:4  | Reached skill level 3 in Evocations
 30698 | Snake:4  | Reached skill level 4 in Evocations
 30714 | Snake:4  | Reached XP level 18. HP: 175/178 MP: 29/29
 30737 | Snake:4  | Reached skill level 5 in Evocations
 30808 | Snake:4  | Reached skill level 6 in Evocations
 30832 | Snake:4  | Got a serpentine rune of Zot
 31045 | Shoals:1 | Entered Level 1 of the Shoals
 31076 | Shoals:1 | Reached skill level 7 in Evocations
 31384 | Vaults:1 | Entered Level 1 of the Vaults
 31498 | Vaults:1 | Reached skill level 8 in Evocations
 31517 | Vaults:1 | HP: 40/178 [tengu reaver/+0 great mace (29)]
 31520 | Vaults:1 | Identified a scroll of acquirement
 31657 | Vaults:1 | You add the spells Ozocubu's Refrigeration and Ignition to
                  | your library.
 31732 | Vaults:1 | Reached skill level 9 in Evocations
 31778 | Vaults:1 | Acquired the +2 pair of boots of Cynicism {rElec Will++
                  | rCorr Dex-3}
 31960 | Vaults:1 | Identified the +8 broad axe of the Singing Pill Bug
                  | {protect, Str+6} (Okawaru gifted it to you on level 1 of
                  | the Vaults)
 31960 | Vaults:1 | Received a gift from Okawaru
 31961 | Vaults:1 | Reached skill level 10 in Evocations
 32192 | Vaults:1 | Reached skill level 11 in Evocations
 32303 | Vaults:1 | Identified the +7 great mace of the Trees {flame, rElec
                  | Int-3 Dex+9}
 32479 | Vaults:1 | Reached skill level 20 in Fighting
 32589 | Vaults:1 | Received a gift from Okawaru
 32914 | Vaults:1 | You drop a +1 eveningstar of draining {macerare=g}.
 33085 | Elf:1    | Entered Level 1 of the Elven Halls
 33094 | Elf:1    | Reached skill level 5 in Dodging
 33334 | Elf:1    | Reached XP level 19. HP: 128/185 MP: 24/30
 33409 | Elf:1    | Paralysed by an air elemental for 1 turns
 33468 | Elf:1    | Reached skill level 6 in Dodging
 33579 | Elf:1    | You pick up a book of the Senses and begin reading...
 33579 | Elf:1    | You add the spells Dazzling Flash, Agony and Silence to
                  | your library.
 34404 | Elf:2    | Reached skill level 7 in Dodging
 34528 | Elf:2    | Received a gift from Okawaru
 34528 | Elf:2    | Found the +10 zealot's sword {holy, *Rage rN+ EV+3}
 34546 | Elf:2    | Reached skill level 8 in Dodging
 34574 | Elf:2    | You pick up a book of Air and begin reading...
 34574 | Elf:2    | You add the spells Shock, Swiftness and Airstrike to your
                  | library.
 34609 | Elf:2    | Noticed an Ice Fiend
 34751 | Elf:2    | You pick up a book of Winter and begin reading...
 34818 | Elf:2    | Reached skill level 9 in Dodging
 34976 | Elf:2    | Identified the +0 pair of gloves "Aroats" {rC- MP+9 Stlth+}
                  | (Okawaru gifted it to you on level 2 of the Elven Halls)
 34976 | Elf:2    | Received a gift from Okawaru
 34989 | Elf:2    | Found a runed translucent gate.
 34989 | Elf:2    | Found a runed translucent gate.
 34997 | Elf:2    | Found a runed translucent gate.
 35067 | Elf:3    | Entered Level 3 of the Elven Halls
 35104 | Elf:3    | You pick up a book of Air and begin reading...
 35115 | Elf:3    | Found a flickering gateway to a bazaar.
 35144 | Bazaar   | Entered a bazaar
 35147 | Bazaar   | Found Dogupp's General Store.
 35181 | Bazaar   | Found Otzyckuh's Assorted Antiques.
 35209 | Bazaar   | Found Giuron's Book Shop.
 35209 | Bazaar   | Found Yzxuzig's Distillery.
 35234 | Bazaar   | Bought a scroll of enchant weapon for 112 gold pieces
 35248 | Bazaar   | Bought a scroll of enchant weapon for 150 gold pieces
 35249 | Bazaar   | Bought a scroll of teleportation for 60 gold pieces
 35263 | Bazaar   | Bought a scroll of enchant armour for 112 gold pieces
 35275 | Bazaar   | Bought a potion of haste for 140 gold pieces
 35275 | Bazaar   | Bought a potion of haste for 140 gold pieces
 35361 | Elf:3    | Found a frozen archway.
 35385 | IceCv    | Entered an ice cave
 35577 | IceCv    | Reached skill level 10 in Dodging
 35884 | IceCv    | Reached skill level 14 in Armour
 36030 | IceCv    | Identified the ring of Attakk {rF- rC+ Int+4 Dex+6}
 36645 | Elf:3    | Reached skill level 15 in Armour
 36847 | Elf:3    | Received a gift from Okawaru
 36876 | Elf:3    | Reached XP level 20. HP: 170/193 MP: 26/31
 36928 | Elf:3    | Reached skill level 16 in Armour
 36969 | Elf:3    | Identified the ring of Noubemn {rN++ rCorr Str+6 Dex+2
                  | Stlth+}
 36984 | Elf:3    | Identified the ring "Uvvogruz" {rPois Str+3 Int+6 Dex-4}
 36985 | Elf:3    | Noticed a Brimstone Fiend
 37024 | Elf:3    | Reached skill level 17 in Armour
 37122 | Elf:3    | Acquired 452 gold pieces
 37185 | Elf:3    | You pick up a book of the Wilderness and begin reading...
 37186 | Elf:3    | Identified the +7 rapier "Raepnibbew" {venom, rF- rC+
                  | Int+4}
 37233 | Elf:3    | You pick up a book of Touch and begin reading...
 37241 | Elf:3    | Got the Treatise on Forms
 37265 | Elf:3    | You drop a +0 executioner's axe of electrocution
                  | {axerare=g}.
 37286 | Elf:3    | P - a +0 executioner's axe of electrocution {axerare=g}
 37304 | Elf:3    | Identified the +3 chain mail of Vunioh {rPois Will+ Int-5}
 37360 | Elf:3    | You pick up a book of the Hunter and begin reading...
 37360 | Elf:3    | You add the spells Portal Projectile and Leda's
                  | Liquefaction to your library.
 37366 | Elf:3    | You pick up a book of Beasts and begin reading...
 37385 | Elf:3    | You pick up a book of Death and begin reading...
 37389 | Elf:3    | You pick up a book of Conjurations {@e2} and begin
                  | reading...
 37389 | Elf:3    | You add the spells Magic Dart, Searing Ray and Fulminant
                  | Prism to your library.
 38068 | Shoals:1 | Reached skill level 18 in Armour
 38171 | Shoals:2 | magus.rc [v1.9.6]
 38657 | Shoals:2 | Found Woni's Weapon Emporium.
 38804 | Shoals:3 | Identified the amulet "Nuece" {Acrobat rF- Regen+ Str-2
                  | SInv}
 38897 | Shoals:3 | Reached skill level 21 in Axes
 38900 | Shoals:3 | Received a gift from Okawaru
 39132 | Shoals:4 | Entered Level 4 of the Shoals
 39177 | Shoals:4 | Identified the +11 great sword of Odelya {freeze, Fly
                  | Will+++ rCorr}
 39267 | Shoals:4 | Identified the +1 morningstar "Biquen" {antimagic, +Blink}
 39395 | Shoals:4 | Reached skill level 22 in Axes
 39531 | Shoals:4 | Noticed Kirke
 39551 | Shoals:4 | Killed Kirke
 39609 | Shoals:4 | Found a runed translucent door.
 39620 | Shoals:4 | Reached XP level 21. HP: 193/201 MP: 30/32
 39840 | Shoals:4 | Identified the +2 tower shield of Ijyudew {Dex+4} (Okawaru
                  | gifted it to you on level 4 of the Shoals)
 39840 | Shoals:4 | Received a gift from Okawaru
 39863 | Shoals:4 | Got a barnacled rune of Zot
 40462 | Vaults:2 | Reached skill level 21 in Fighting
 40648 | Vaults:2 | Noticed a curse skull
 40665 | Vaults:2 | Killed a curse skull
 40680 | Vaults:2 | Found a staircase to the Crypt.
 40713 | Vaults:2 | Reached skill level 22 in Fighting
 40797 | Vaults:2 | Noticed Margery
 40815 | Vaults:2 | Killed Margery
 40937 | Vaults:2 | Identified the +4 morningstar "Riuhes" {venom, rElec}
                  | (Okawaru gifted it to you on level 2 of the Vaults)
 40937 | Vaults:2 | Received a gift from Okawaru
 40971 | Vaults:2 | Identified the +8 flail "Wipuak" {drain, rC- Str+2 Int+4}
 40983 | Vaults:2 | Reached skill level 23 in Fighting
 41448 | Vaults:2 | Found Jur Otus's Magic Scroll Emporium.
 41613 | Vaults:2 | Identified the +6 scale mail of Poor Excuses {rElec rPois
                  | rF- Stlth+} (Okawaru gifted it to you on level 2 of the
                  | Vaults)
 41613 | Vaults:2 | Received a gift from Okawaru
 41676 | Vaults:3 | Noticed Mennas
 41676 | Vaults:3 | Found Tijiuh's Magic Scroll Shoppe.
 41801 | Vaults:3 | Reached XP level 22. HP: 206/220 MP: 33/33
 41851 | Vaults:3 | Found a magical portal.
 41856 | WizLab   | Entered The Roulette of Golubria
 41856 | WizLab   | Found a transporter.
 41859 | WizLab   | Found a corrupted altar of Lugonu.
 41870 | WizLab   | You drop a +0 executioner's axe of electrocution
                  | {axerare=g}.
 41871 | WizLab   | P - a +0 executioner's axe of electrocution {axerare=g}
 41872 | WizLab   | You drop a +0 executioner's axe of electrocution
                  | {axerare=g}.
 41873 | WizLab   | P - a +0 executioner's axe of electrocution {axerare=g}
 41915 | WizLab   | Found a transporter.
 41967 | WizLab   | Found a transporter.
 41976 | WizLab   | Found a transporter.
 42001 | WizLab   | Found a transporter.
 42036 | WizLab   | Found a transporter.
 42095 | WizLab   | Found a transporter.
 42095 | WizLab   | Found a transporter.
 42137 | WizLab   | Found a transporter.
 42137 | WizLab   | Found a transporter.
 42155 | WizLab   | Reached skill level 16 in Shields
 42166 | WizLab   | Found a transporter.
 42166 | WizLab   | Found a transporter.
 42193 | WizLab   | Found a transporter.
 42193 | WizLab   | Found a transporter.
 42209 | WizLab   | Found a transporter.
 42209 | WizLab   | Found a transporter.
 42225 | WizLab   | You add the spells Gell's Gravitas, Teleport Other,
                  | Iskenderun's Mystic Blast and Disjunction to your library.
 42225 | WizLab   | Got Sif Muna's Octavo of Transposition
 42238 | WizLab   | Found the +2 cloak of the Thief {*Fog Slay-2 SInv Stlth+}
 42257 | WizLab   | Identified the +0 cloak "Tatyos" {rCorr Dex+2}
 42264 | WizLab   | You pick up a book of Displacement and begin reading...
 42293 | WizLab   | Identified the -1 cloak of the Lair of Beasts {Fly rElec
                  | rC+ Int+2}
 42314 | WizLab   | Found a transporter.
 42314 | WizLab   | Found a transporter.
 42350 | WizLab   | You pick up a book of Burglary and begin reading...
 42517 | Vaults:3 | Killed Mennas
 42541 | Vaults:3 | Bought a scroll of blinking for 135 gold pieces
 42566 | Vaults:3 | Reached skill level 19 in Armour
 42922 | Vaults:3 | Reached skill level 17 in Shields
 43484 | Vaults:3 | Received a gift from Okawaru
 43631 | Vaults:4 | Found a glowing silver altar of Zin.
 43631 | Vaults:4 | Found a white marble altar of Elyvilon.
 43639 | Vaults:4 | Found a glowing golden altar of the Shining One.
 43639 | Vaults:4 | Found a crumbling gateway.
 43723 | Desolati | Entered the Desolation of Salt
 43873 | Desolati | Reached skill level 20 in Armour
 43882 | Desolati | Got the Treatise on Warped Terrain
 43886 | Desolati | Identified the +0 chain mail of Negation {rN+ rCorr Str+2}
 43982 | Desolati | Found the +3 Elemental Staff {rElec rF++ rC++ AC+5}
 43997 | Desolati | Identified the ring "Soukkalumm" {rN+ Str-4 Slay+6}
 44008 | Desolati | Reached skill level 18 in Shields
 44021 | Desolati | You add the spells Ignite Poison, Kindle Blastsparks and
                  | Flame Wave to your library.
 44021 | Desolati | Got the Compendium of the Volcanoes
 44097 | Desolati | Got the Directory of Vapourous Changing
 44113 | Desolati | You add the spells Beastly Appendage, Sticky Flame and
                  | Irradiate to your library.
 44113 | Desolati | Got the Omnibus of Transmigration and Flames {@e2}
 44166 | Desolati | Identified the +1 great mace "Menumn" {vorpal, rF+ Str-3
                  | Int+4}
 44166 | Desolati | Identified the +10 sling "Teeti" {freeze, Int+7}
 44467 | Vaults:4 | Identified the +0 kite shield of the Vanishing Queens
                  | {Str+3} (Okawaru gifted it to you on level 4 of the Vaults)
 44467 | Vaults:4 | Received a gift from Okawaru
 44473 | Vaults:4 | Reached XP level 23. HP: 227/227 MP: 27/34
 44925 | Vaults:4 | You pick up a book of Frost and begin reading...
 45201 | Vaults:4 | Reached skill level 21 in Armour
 45569 | Vaults:5 | Entered Level 5 of the Vaults
 45604 | Vaults:5 | Reached skill level 22 in Armour
 45698 | Vaults:5 | Got a silver rune of Zot
 45729 | Vaults:5 | Noticed a golden dragon
 45730 | Vaults:5 | Noticed a dread lich
 45736 | Vaults:5 | Noticed Mara
 45743 | Vaults:5 | Killed a golden dragon
 45743 | Vaults:5 | Identified +0 gold dragon scales
 45749 | Vaults:5 | Noticed Jory
 45805 | Vaults:5 | Found Tinogres's Distillery.
 45809 | Vaults:5 | Bought 2 potions of heal wounds for 130 gold pieces
 45809 | Vaults:5 | Bought a potion of heal wounds for 65 gold pieces
 45809 | Vaults:5 | Bought a potion of haste for 130 gold pieces
 45809 | Vaults:5 | Bought a potion of haste for 130 gold pieces
 45866 | Vaults:5 | Found Vahus's Distillery.
 45870 | Vaults:5 | Bought 2 potions of might for 96 gold pieces
 45870 | Vaults:5 | Bought a potion of haste for 120 gold pieces
 45890 | Vaults:5 | Noticed a golden dragon
 45894 | Vaults:5 | Received a gift from Okawaru
 45902 | Vaults:5 | Killed a golden dragon
 45902 | Vaults:5 | Identified +0 gold dragon scales
 45904 | Vaults:5 | +0 gold dragon scales {rare}; a golden dragon corpse
 45904 | Vaults:5 | a - +0 gold dragon scales {rare}
 45910 | Vaults:5 | Reached skill level 19 in Shields
 45922 | Vaults:5 | Found Pasotua's Distillery.
 45928 | Vaults:5 | Bought a potion of heal wounds for 90 gold pieces
 45928 | Vaults:5 | Bought 2 potions of heal wounds for 180 gold pieces
 45938 | Vaults:5 | You finish putting on your +0 gold dragon scales {rare}.
 45939 | Vaults:5 | your +0 gold dragon scales {rare} glow green for a moment.
 45940 | Vaults:5 | your +1 gold dragon scales {rare} glow green for a moment.
 45970 | Vaults:5 | Found Luevugy's Distillery.
 45974 | Vaults:5 | Bought a potion of heal wounds for 75 gold pieces
 45974 | Vaults:5 | Bought a potion of might for 60 gold pieces
 45988 | Vaults:5 | Found Haiweih's Magic Scroll Shoppe.
 45992 | Vaults:5 | Bought a scroll of enchant armour for 120 gold pieces
 45992 | Vaults:5 | Bought a scroll of enchant armour for 120 gold pieces
 45992 | Vaults:5 | your +2 gold dragon scales {rare} glow green for a moment.
 45993 | Vaults:5 | your +3 gold dragon scales {rare} glow green for a moment.
 46049 | Vaults:5 | Noticed MackTheKnife's illusion
 46060 | Vaults:5 | Noticed MackTheKnife's illusion
 46075 | Vaults:5 | Killed Mara
 46075 | Vaults:5 | Received a gift from Okawaru
 46095 | Vaults:5 | Killed a dread lich
 46269 | Vaults:5 | Killed Jory
 46305 | Vaults:5 | Reached skill level 20 in Shields
 46310 | Vaults:5 | Identified the ring "Qiasurphi" {+Blink rPois Str+4 Int+2}
 46338 | Vaults:5 | Found Korel's Antique Weapon Shop.
 46379 | Vaults:5 | Noticed a golden dragon
 46392 | Vaults:5 | Killed a golden dragon
 46392 | Vaults:5 | Identified +0 gold dragon scales
 46393 | Vaults:5 | Reached XP level 24. HP: 235/235 MP: 29/34
 46402 | Vaults:5 | K - +0 gold dragon scales {rare}
 46406 | Vaults:5 | You pick up a book of Storms and begin reading...
 46489 | Vaults:5 | Got the Book of Helpful Conjuration {@e2}
 46788 | Depths:1 | Entered Level 1 of the Depths
 46975 | Depths:1 | Found Big Baal Hell's Store.
 47020 | Depths:1 | Found a gateway to Hell.
 47204 | Orc:1    | Bought a scroll of enchant armour for 240 gold pieces
 47251 | Orc:2    | Bought a scroll of enchant armour for 105 gold pieces
 47251 | Orc:2    | your +4 gold dragon scales {rare} glow green for a moment.
 47252 | Orc:2    | your +5 gold dragon scales {rare} glow green for a moment.
 47253 | Orc:2    | You drop +0 gold dragon scales {rare}.
 47538 | Depths:1 | Reached skill level 21 in Shields
 47935 | Depths:2 | You fall into a shaft and drop 1 floor!
 48079 | Depths:3 | Identified the +0 pair of gloves "Akhlacu" {rN+} (Okawaru
                  | gifted it to you on level 3 of the Depths)
 48079 | Depths:3 | Received a gift from Okawaru
 48098 | Depths:3 | Reached skill level 22 in Shields
 48135 | Depths:3 | +0 shadow dragon scales {rare}; a shadow dragon corpse
 48142 | Depths:3 | Noticed Sojobo
 48152 | Depths:3 | Paralysed by an air elemental for 1 turns
 48156 | Depths:3 | Identified a +2 robe of the Archmagi
 48184 | Depths:3 | Killed Sojobo
 48193 | Depths:3 | Reached skill level 23 in Shields
 48256 | Depths:3 | You pick up a book of the Tundra and begin reading...
 48264 | Depths:2 | Noticed a dread lich
 48275 | Depths:2 | Killed a dread lich
 48385 | Depths:2 | Reached skill level 16 in Invocations
 48394 | Depths:2 | Received a gift from Okawaru
 48482 | Depths:2 | Reached XP level 25. HP: 243/243 MP: 35/35
 48496 | Depths:2 | Received a gift from Okawaru
 48556 | Depths:2 | Reached skill level 17 in Invocations
 48604 | Depths:2 | Reached skill level 18 in Invocations
 48609 | Depths:2 | Paralysed by a floating eye for 2 turns
 48652 | Depths:2 | Reached skill level 19 in Invocations
 48664 | Depths:2 | a +0 robe; +0 shadow dragon scales {rare}; a shadow dragon
                  | corpse
 48678 | Depths:2 | a +0 robe; +0 shadow dragon scales {rare}; a shadow dragon
                  | corpse
 48880 | Depths:2 | a +0 robe; +0 shadow dragon scales {rare}; a shadow dragon
                  | corpse
 48880 | Depths:2 | a +0 robe; +0 shadow dragon scales {rare}; a shadow dragon
                  | corpse
 48880 | Depths:2 | Could not pick up +0 shadow dragon scales {rare} here;
                  | ([A]lways) ignore it?
 48880 | Depths:2 | Could not pick up +0 shadow dragon scales {rare} here;
                  | ([A]lways) ignore it?
 48880 | Depths:2 | Could not pick up +0 shadow dragon scales {rare} here;
                  | ([A]lways) ignore it?
 48880 | Depths:2 | Could not pick up +0 shadow dragon scales {rare} here;
                  | ([A]lways) ignore it?
 48880 | Depths:2 | a +0 robe; +0 shadow dragon scales {rare}; a shadow dragon
                  | corpse
 48880 | Depths:2 | Could not pick up +0 shadow dragon scales {rare} here;
                  | ([A]lways) ignore it?
 48952 | Depths:2 | a +0 robe; +0 shadow dragon scales {rare}; a shadow dragon
                  | skeleton
 49231 | Depths:2 | Found a one-way gate leading to the halls of Pandemonium.
 49374 | Depths:2 | a +0 troll leather armour; +0 shadow dragon scales {rare}
 49431 | Depths:3 | Could not pick up a +0 quick blade of holy wrath
                  | {shortrare=g} here; ([A]lways) ignore it?
 49431 | Depths:3 | Could not pick up a +0 quick blade of holy wrath
                  | {shortrare=g} here; ([A]lways) ignore it?
 49431 | Depths:3 | Could not pick up a +0 quick blade of holy wrath
                  | {shortrare=g} here; ([A]lways) ignore it?
 49431 | Depths:3 | Could not pick up a +0 quick blade of holy wrath
                  | {shortrare=g} here; ([A]lways) ignore it?
 49431 | Depths:3 | Could not pick up a +0 quick blade of holy wrath
                  | {shortrare=g} here; ([A]lways) ignore it?
 49492 | Depths:3 | Found a one-way gate to the infinite horrors of the Abyss.
 49501 | Depths:3 | Found a one-way gateway to a ziggurat.
 49829 | Depths:4 | Entered Level 4 of the Depths
 49829 | Depths:4 | Noticed a caustic shrike
 49829 | Depths:4 | Noticed a caustic shrike
 49829 | Depths:4 | Noticed a caustic shrike
 49835 | Depths:4 | Noticed a caustic shrike
 49841 | Depths:4 | Killed a caustic shrike
 49842 | Depths:4 | Killed a caustic shrike
 49843 | Depths:4 | Reached skill level 20 in Invocations
 49843 | Depths:4 | Killed a caustic shrike
 49850 | Depths:4 | Killed a caustic shrike
 49866 | Depths:4 | +0 storm dragon scales {rare}; a storm dragon corpse
 49891 | Depths:4 | +0 storm dragon scales {rare}; a storm dragon corpse
 49901 | Depths:4 | Found Qytwoma's Antique Armour Shop.
 49918 | Depths:4 | Identified the +13 crystal plate armour "Diugoycu" {Rampage
                  | Regen+} (Okawaru gifted it to you on level 4 of the Depths)
 49918 | Depths:4 | Received a gift from Okawaru
 49919 | Depths:4 | Reached skill level 21 in Invocations
 49921 | Depths:4 | L - the +13 crystal plate armour "Diugoycu" {Rampage
                  | Regen+, rare=g}
 49931 | Depths:3 | You finish taking off your +6 gold dragon scales {rare}.
 49936 | Depths:3 | You finish putting on the +13 crystal plate armour
                  | "Diugoycu" {Rampage Regen+, rare=g}.
 49938 | Depths:3 | You drop +6 gold dragon scales {rare}.
 49951 | Depths:4 | a - +0 storm dragon scales {rare}
 49976 | Depths:4 | Bought a pair of runed gloves for 217 gold pieces
 49976 | Depths:4 | You drop +0 storm dragon scales {rare}.
 50207 | Depths:4 | Found a gate to the Realm of Zot.
 50253 | Depths:4 | Reached skill level 22 in Invocations
 50326 | Depths:4 | Found Miacuepp's Weapon Boutique.
 50415 | Depths:4 | Identified the +0 chain mail "Vosmogun" {rF+ Str+2 Int+3}
 50583 | Zot:1    | Entered Level 1 of the Realm of Zot
 50589 | Zot:1    | You pick up a book of the Earth and begin reading...
 50641 | Zot:1    | Noticed a curse toe
 50656 | Zot:1    | Killed a curse toe
 50657 | Zot:1    | Reached skill level 23 in Invocations
 50742 | Zot:1    | Reached XP level 26. HP: 251/251 MP: 38/38
 50772 | Zot:1    | a - quicksilver dragon scales {rare}
 50823 | Zot:1    | Noticed an electric golem
 50850 | Zot:1    | Killed an electric golem
 50917 | Zot:1    | Reached skill level 24 in Invocations
 51106 | Zot:1    | quicksilver dragon scales {rare}; a quicksilver dragon
                  | corpse
 51106 | Zot:1    | quicksilver dragon scales {rare}; a quicksilver dragon
                  | corpse
 51106 | Zot:1    | Could not pick up quicksilver dragon scales {rare} here;
                  | ([A]lways) ignore it?
 51106 | Zot:1    | Could not pick up quicksilver dragon scales {rare} here;
                  | ([A]lways) ignore it?
 51147 | Zot:1    | Received a gift from Okawaru
 51411 | Zot:1    | +0 shadow dragon scales {rare}; a shadow dragon corpse
 51450 | Zot:2    | +0 storm dragon scales {rare}; a storm dragon corpse
 51459 | Zot:2    | Reached skill level 12 in Evocations
 51522 | Zot:2    | Identified +9 gold dragon scales
 51522 | Zot:2    | Noticed Parghit
 51564 | Zot:2    | Killed Parghit
 51566 | Zot:2    | 2 large rocks {=fthrowing}; +9 gold dragon scales {rare}
 51676 | Zot:2    | Found a transporter.
 51680 | Zot:2    | Found a transporter.
 51690 | Zot:2    | Noticed an orb of fire
 51690 | Zot:2    | Found a transporter.
 51690 | Zot:2    | Found a transporter.
 51696 | Zot:2    | Gained mutation: You occasionally shout uncontrollably at
                  | your foes. [an orb of fire]
 51706 | Zot:2    | Killed an orb of fire
 51735 | Zot:2    | Reached skill level 13 in Evocations
 51755 | Zot:2    | Found a transporter.
 51755 | Zot:2    | Found a transporter.
 51756 | Zot:2    | You fall into a shaft and drop 1 floor!
 51766 | Zot:3    | Noticed an electric golem
 51789 | Zot:3    | Killed an electric golem
 51828 | Zot:3    | Reached skill level 14 in Evocations
 51847 | Zot:3    | Identified the +2 plate armour of the Stopping Gods {MP+9
                  | Int+4} (Okawaru gifted it to you on level 3 of the Realm of
                  | Zot)
 51847 | Zot:3    | Received a gift from Okawaru
 52114 | Zot:2    | Noticed an orb of fire
 52143 | Zot:2    | Killed an orb of fire
 52144 | Zot:2    | Reached skill level 15 in Evocations
 52798 | Zot:3    | Noticed an electric golem
 52815 | Zot:3    | Killed an electric golem
 52990 | Zot:3    | Reached skill level 16 in Evocations
 53112 | Zot:3    | Reached XP level 27. HP: 258/258 MP: 38/39
 53165 | Zot:3    | Reached skill level 17 in Evocations
 53276 | Zot:4    | Received a gift from Okawaru
 53392 | Zot:5    | Entered Level 5 of the Realm of Zot
 53460 | Zot:5    | Identified +0 gold dragon scales
 53461 | Zot:5    | Reached skill level 18 in Evocations
 53467 | Zot:5    | +0 gold dragon scales {rare}; a golden dragon corpse
 53685 | Zot:5    | Noticed an ancient lich
 53686 | Zot:5    | Noticed an ancient lich
 53686 | Zot:5    | Noticed an electric golem
 53689 | Zot:5    | Noticed a dread lich
 53689 | Zot:5    | Noticed an orb of fire
 53696 | Zot:5    | Noticed an orb of fire
 53776 | Zot:5    | Killed an orb of fire
 53785 | Zot:5    | Noticed an orb of fire
 53795 | Zot:5    | Killed an ancient lich
 53803 | Zot:5    | Gained mutation: Armour fits poorly on your strangely
                  | shaped body. [an orb of fire]
 53810 | Zot:5    | Gained mutation: Your body sometimes deteriorates upon
                  | taking damage. [an orb of fire]
 53825 | Zot:5    | Killed an orb of fire
 53829 | Zot:5    | Lost mutation: Your body sometimes deteriorates upon taking
                  | damage. [potion of mutation]
 53829 | Zot:5    | Lost mutation: Armour fits poorly on your strangely shaped
                  | body. [potion of mutation]
 53829 | Zot:5    | Lost mutation: You occasionally shout uncontrollably at
                  | your foes. [potion of mutation]
 53829 | Zot:5    | Gained mutation: You occasionally shout uncontrollably at
                  | your foes. [potion of mutation]
 53829 | Zot:5    | Gained mutation: You have a pair of small horns on your
                  | head. [potion of mutation]
 53830 | Zot:5    | Lost mutation: You have a pair of small horns on your head.
                  | [potion of mutation]
 53830 | Zot:5    | Lost mutation: You occasionally shout uncontrollably at
                  | your foes. [potion of mutation]
 53830 | Zot:5    | Gained mutation: Your flesh is cold resistant. (rC+)
                  | [potion of mutation]
 53856 | Zot:5    | Noticed an orb of fire
 53869 | Zot:5    | Killed an orb of fire
 53870 | Zot:5    | Reached skill level 19 in Evocations
 53875 | Zot:5    | Gained mutation: You are clumsy. (Dex -2) [an orb of fire]
 53882 | Zot:5    | Gained mutation: You do not regenerate when monsters are
                  | visible. [an orb of fire]
 53890 | Zot:5    | Killed an orb of fire
 53914 | Zot:5    | Lost mutation: You are clumsy. (Dex -2) [potion of
                  | mutation]
 53914 | Zot:5    | Lost mutation: You do not regenerate when monsters are
                  | visible. [potion of mutation]
 53914 | Zot:5    | Lost mutation: Your flesh is cold resistant. (rC+) [potion
                  | of mutation]
 53914 | Zot:5    | Gained mutation: You passively dampen the noise of your
                  | surroundings. [potion of mutation]
 53914 | Zot:5    | Gained mutation: Your mind is acute. (Int +4, Str/Dex -1)
                  | [potion of mutation]
 53914 | Zot:5    | Gained mutation: You are robust. (+10% HP) [potion of
                  | mutation]
 54042 | Zot:5    | Identified +0 gold dragon scales
 54059 | Zot:5    | Reached skill level 11 in Dodging
 54081 | Zot:5    | Noticed an electric golem
 54101 | Zot:5    | Killed an electric golem
 54111 | Zot:5    | Killed an electric golem
 54125 | Zot:5    | +0 storm dragon scales {rare}; a storm dragon corpse
 54190 | Zot:5    | Got the Orb of Zot
 54222 | Zot:5    | +0 gold dragon scales {rare}; a golden dragon corpse
 54446 | Depths:3 | HP: 66/283 [??? (41)]
 54449 | Depths:3 | Reached skill level 12 in Dodging
 54620 | D:9      | Noticed Woeskuaze the pandemonium lord
 54655 | D:9      | Killed Woeskuaze the pandemonium lord
 54746 | D:5      | Noticed Vonkyed the pandemonium lord
 54863 | D:$      | Escaped with the Orb!

Vanquished Creatures
  2 dread liches
  6 orbs of fire
  An ancient lich (Zot:5)
  Mennas (Vaults:3)
  Mara (Vaults:5)
  Sojobo (Depths:3)
  Parghit (Zot:2)
  Margery (Vaults:2)
  3 Killer Klowns (Zot:5)
  A curse toe (Zot:1)
  4 caustic shrikes (Depths:4)
  Jory (Vaults:5)
  9 golden dragons
  5 electric golems
  A hellephant (Depths:3)
  A Hell Sentinel (D:9)
  10 tentacled monstrosities
  22 Orb Guardians
  Mlioglotl (Snake:2)
  A lich (Depths:4)
  9 quicksilver dragons
  3 deep elf blademasters (Elf:3)
  4 titans
  2 deep elf master archers (Elf:3)
  4 sphinxes
  13 death cobs
  An eldritch tentacle (WizLab)
  3 tentacled starspawn (WizLab)
  10 tengu reavers
  12 shadow dragons
  10 storm dragons
  Kirke (Shoals:4)
  A pandemonium lord (D:9)
  7 nagarajas
  2 draconian knights
  4 draconian monks
  7 deep elf sorcerers
  A balrug (Depths:1)
  2 imperial myrmidons (Desolation)
  2 iron dragons
  17 vault wardens
  8 fire giants
  3 draconian scorchers
  11 frost giants
  4 spectral caustic shrikes (Depths:2)
  Louise (Snake:1)
  7 draconian shifters
  2 spectral juggernauts (Depths:2)
  4 ghost moths
  A curse skull (Vaults:2)
  7 deep elf elementalists (Elf:3)
  18 ironbound preservers
  5 draconian stormcallers
  A reaper (WizLab)
  2 angels (Vaults:4)
  An orc warlord (Vaults:1)
  5 draconian annihilators
  4 spriggan defenders (Depths:3)
  A quicksilver ooze (Gauntlet)
  14 very ugly things
  7 ironbound thunderhulks
  16 stone giants
  3 war gargoyles
  5 vampire knights
  7 green draconians
  9 black draconians
  4 spectral titans (Depths:2)
  A minotaur (Gauntlet)
  8 red draconians
  10 yellow draconians
  7 white draconians
  9 deep elf annihilators
  8 spark wasps (Depths:3)
  30 dire elephants
  9 deep elf demonologists
  7 purple draconians
  An eidolon (Depths:2)
  7 merfolk javelineers
  Snorg (Orc:2)
  6 crystal guardians
  3 spectral spriggans (Depths:2)
  8 deep elf death magi
  13 fire dragons
  16 ettins
  9 merfolk impalers
  2 entropy weavers
  A spectral golden dragon (Depths:2)
  A fire dragon (shapeshifter) (Vaults:5)
  3 jiangshi (Depths:4)
  5 ragged hierophants (Desolation)
  13 yaktaur captains
  8 deep elf high priests
  4 hydras
  A salamander tyrant (Snake:4)
  2 spectral tengu (Depths:2)
  8 ice dragons
  Josephine (Orc:2)
  5 great orbs of eyes
  An ice dragon (shapeshifter) (Vaults:5)
  3 caustic shrike simulacra (Depths:2)
  4 servants of whispers (Desolation)
  8 peacekeepers
  Fannar (Lair:1)
  3 ogre magi (Vaults:5)
  14 ironbound frosthearts
  9 merfolk aquamancers
  5 rakshasas
  3 merfolk avatars
  2 alligator snapping turtles
  8 anacondas
  5 spriggan air magi
  3 spectral frost giants (Depths:2)
  12 centaur warriors
  3 juggernaut simulacra (Depths:2)
  39 vault guards
  7 two-headed ogres
  A spectral stone giant (Depths:2)
  4 deep troll shamans
  3 satyrs
  6 death yaks (Lair:5)
  A tengu warrior (D:15)
  2 boulder beetles
  3 orc high priests (Orc:2)
  12 dancing weapons
  12 deep troll earth magi
  8 shock serpents
  A thrashing horror (WizLab)
  5 spriggans (Depths:3)
  6 vampire magi
  6 sun demons
  16 naga warriors
  6 hell knights
  9 spriggan berserkers
  12 naga sharpshooters
  4 soul eaters (Depths:2)
  11 iron trolls
  11 deep elf knights
  11 salamander mystics
  2 shadow wraiths
  Lodul (D:12)
  67 deep trolls
  3 goliath frogs (Lair:5)
  A spectral spark wasp (Depths:2)
  A death drake (Depths:2)
  A large abomination (WizLab)
  A sea snake (shapeshifter) (Elf:2)
  A glowing orange brain (shapeshifter) (D:15)
  A spriggan rider (Depths:3)
  2 glowing orange brains
  2 orange crystal statues
  14 sea snakes
  17 lindwurms
  2 flayed ghosts
  9 naga ritualists
  2 obsidian statues
  2 spectral iron dragons (Depths:2)
  10 deep elf archers
  9 phantasmal warriors
  A spriggan simulacrum (Depths:2)
  25 ironbound convokers
  19 deep elf zephyrmancers
  5 wizards
  7 orc knights
  28 deep elf pyromancers
  7 necromancers
  3 orc sorcerers (Orc:2)
  10 harpies
  13 mana vipers
  A wolf spider (D:15)
  A stone giant zombie (Vaults:1)
  37 ugly things
  7 cyclopes
  17 manticores
  5 fauns
  26 salamanders
  A worldbinder (WizLab)
  11 naga magi
  An elf zombie (Vaults:2)
  30 moths of wrath
  10 merfolk sirens
  13 guardian serpents
  2 ice statues (Elf:3)
  59 black mambas
  A fire giant skeleton (WizLab)
  An apocalypse crab (WizLab)
  3 gargoyles
  A storm dragon simulacrum (Depths:2)
  22 vault sentinels
  2 kobold demonologists
  6 water nymphs
  7 komodo dragons
  23 cane toads
  An eye of devastation (shapeshifter) (Vaults:5)
  18 rime drakes
  An unseen horror (D:12)
  3 efreet (Zot:3)
  42 yaktaurs
  An ice devil (D:12)
  2 spectral glowing shapeshifters (Depths:2)
  An ancient zyme (WizLab)
  3 tengu conjurers
  2 freezing wraiths
  A golden dragon simulacrum (Depths:2)
  A tormentor (Depths:3)
  16 polar bears
  9 hornets
  A shadow dragon simulacrum (Depths:2)
  A red devil (WizLab)
  33 merfolk
  7 wind drakes
  3 tyrant leeches
  4 sphinx simulacra (Depths:2)
  Prince Ribbit (D:7)
  9 trolls
  A tengu simulacrum (Depths:2)
  49 saltlings (Desolation)
  43 blink frogs
  22 dream sheep
  36 slime creatures
  4 snapping turtles
  A dream sheep (shapeshifter) (Vaults:5)
  An iron dragon simulacrum (Depths:2)
  Sigmund (D:3)
  A ynoxinul (WizLab)
  2 air elementals
  6 wraiths
  25 water elementals
  An ettin skeleton (Vaults:2)
  54 yaks
  4 vampires
  3 wyverns
  Grum (D:8)
  2 fire elementals (Elf:2)
  2 fire bats (Volcano)
  3 hogs (Shoals:4)
  2 humans (Shoals:4)
  7 basilisks
  A yaktaur simulacrum (Vaults:1)
  2 steam dragons (D:9)
  2 spatial vortices (WizLab)
  13 vampire mosquitoes
  A glowing shapeshifter zombie (Vaults:2)
  3 redbacks (Vaults:2)
  4 swamp worms (Gauntlet)
  An acid dragon (D:11)
  39 nagas
  3 wargs
  3 floating eyes (Depths:2)
  24 water moccasins
  3 hell hounds
  A glowing shapeshifter skeleton (Vaults:1)
  24 orc warriors
  5 black bears
  2 sky beasts
  An ogre (shapeshifter) (D:15)
  2 wolves (D:7)
  A boggart (WizLab)
  13 ogres
  16 centaurs
  A human skeleton (Vaults:1)
  6 kobold brigands
  20 bullfrogs
  4 necrophages
  2 earth elementals (Elf:1)
  2 gnoll sergeants (D:7)
  A glowing shapeshifter simulacrum (Depths:2)
  3 scorpions (D:6)
  8 wights
  A troll zombie (Ossuary)
  3 electric eels
  6 howler monkeys
  A crimson imp (WizLab)
  A centaur zombie (Ossuary)
  3 jellies
  15 orc priests
  4 hounds
  2 gnoll boudas
  An iron imp (WizLab)
  3 iguanas
  23 orc wizards
  3 ogre zombies (Ossuary)
  A hound skeleton (D:8)
  6 mummies (Ossuary)
  15 gnolls
  6 adders
  6 river rats
  3 shadow imps
  2 white imps
  2 ufetubi
  2 adder zombies (Ossuary)
  2 worms
  6 dart slugs
  54 orcs
  7 ball pythons
  4 bats
  9 endoplasms
  3 giant cockroaches
  3 gnoll zombies (Ossuary)
  3 goblins
  6 hobgoblins
  9 jackals
  2 quokkas (D:1)
  8 frilled lizards
  4 goblin zombies (Ossuary)
  2 hobgoblin zombies (Ossuary)
  22 kobolds
  3 kobold zombies (Ossuary)
  8 quokka zombies (Ossuary)
  5 rats
  3 rat zombies (Ossuary)
  2 starspawn tentacles (WizLab)
2294 creatures vanquished.

Vanquished Creatures (others)
  A vault warden (Vaults:4)
  A merfolk aquamancer (Shoals:1)
  A two-headed ogre (Zot:3)
  A vampire mage (Depths:4)
  A deep elf zephyrmancer (Elf:1)
  A deep elf pyromancer (Elf:1)
  2 black mambas
  A troll (Zot:3)
  A polar bear (IceCv)
  An orc wizard (Orc:2)
  2 orcs (Orc:2)
  38 fungi
  211 plants
  4 starspawn tentacles (WizLab)
266 creatures vanquished.

Grand Total: 2560 creatures vanquished

Table legend:
 A = Non-vault XP
 B = Vault XP
 C = Vault XP percentage of total XP
 D = Non-vault monster count
 E = Vault monster count
 F = Vault count percentage of total count
                 A         B        C        D         E       F
            +---------+---------+-------+---------+---------+-------
      Total |  681566 |  703543 |  50.8 |    1312 |     978 |  42.7
            +---------+---------+-------+---------+---------+-------
        D:1 |      40 |       5 |  11.1 |      23 |       3 |  11.5
        D:2 |      83 |       0 |   0.0 |      23 |       0 |   0.0
        D:3 |      97 |     239 |  71.1 |      17 |       1 |   5.6
        D:4 |     353 |      13 |   3.6 |       9 |       1 |  10.0
        D:5 |     606 |      52 |   7.9 |       9 |       5 |  35.7
        D:6 |    1225 |      38 |   3.0 |      22 |       7 |  24.1
        D:7 |     962 |     519 |  35.0 |      28 |       3 |   9.7
        D:8 |    2300 |     303 |  11.6 |      28 |       3 |   9.7
        D:9 |    3555 |       0 |   0.0 |      23 |       0 |   0.0
       D:10 |    1810 |       0 |   0.0 |      12 |       0 |   0.0
       D:11 |    5591 |     102 |   1.8 |      25 |       7 |  21.9
       D:12 |    2847 |    1715 |  37.6 |      16 |       9 |  36.0
       D:13 |    4832 |       0 |   0.0 |      15 |       0 |   0.0
       D:14 |    9548 |    3231 |  25.3 |      23 |       4 |  14.8
       D:15 |   10404 |    1918 |  15.6 |      26 |       3 |  10.3
     Lair:1 |    3453 |     860 |  19.9 |      18 |       1 |   5.3
     Lair:2 |    4035 |     291 |   6.7 |      17 |       2 |  10.5
     Lair:3 |    6217 |    4193 |  40.3 |      25 |      14 |  35.9
     Lair:4 |    7453 |       0 |   0.0 |      29 |       0 |   0.0
     Lair:5 |   20284 |   10706 |  34.5 |      57 |      36 |  38.7
   Shoals:1 |   13816 |       0 |   0.0 |      36 |       0 |   0.0
   Shoals:2 |   10444 |       0 |   0.0 |      24 |       0 |   0.0
   Shoals:3 |    9571 |    1803 |  15.9 |      18 |       6 |  25.0
   Shoals:4 |   11795 |   30543 |  72.1 |      21 |      53 |  71.6
    Snake:1 |   12178 |    6182 |  33.7 |      28 |       9 |  24.3
    Snake:2 |   19360 |    1712 |   8.1 |      38 |       1 |   2.6
    Snake:3 |   27455 |    5464 |  16.6 |      53 |      12 |  18.5
    Snake:4 |   20254 |   34529 |  63.0 |      40 |      49 |  55.1
      Orc:1 |    1254 |     206 |  14.1 |      23 |       3 |  11.5
      Orc:2 |    3757 |    9524 |  71.7 |      47 |      35 |  42.7
      Elf:1 |   12734 |    5402 |  29.8 |      22 |       8 |  26.7
      Elf:2 |   24586 |    3177 |  11.4 |      38 |       5 |  11.6
      Elf:3 |   16551 |   38219 |  69.8 |      26 |      35 |  57.4
   Vaults:1 |   25920 |   24097 |  48.2 |      38 |      33 |  46.5
   Vaults:2 |   44688 |   38345 |  46.2 |      68 |      52 |  43.3
   Vaults:3 |   25464 |   22533 |  46.9 |      31 |      26 |  45.6
   Vaults:4 |   19426 |   14764 |  43.2 |      31 |      18 |  36.7
   Vaults:5 |   15112 |   99001 |  86.8 |      23 |      88 |  79.3
   Depths:1 |   12934 |    5247 |  28.9 |      14 |       6 |  30.0
   Depths:2 |       0 |   79375 | 100.0 |       0 |      93 | 100.0
   Depths:3 |   53635 |   27936 |  34.2 |      68 |      24 |  26.1
   Depths:4 |   50787 |   15549 |  23.4 |      47 |      15 |  24.2
      Zot:1 |   39919 |   16204 |  28.9 |      34 |      14 |  29.2
      Zot:2 |   44066 |    6513 |  12.9 |      29 |       4 |  12.1
      Zot:3 |   40342 |   36179 |  47.3 |      36 |      45 |  55.6
      Zot:4 |   16821 |    1679 |   9.1 |      17 |       1 |   5.6
      Zot:5 |   23002 |   71431 |  75.6 |      17 |      32 |  65.3
    Ossuary |       0 |     334 | 100.0 |       0 |      36 | 100.0
      IceCv |       0 |   24095 | 100.0 |       0 |      51 | 100.0
    Volcano |       0 |    2726 | 100.0 |       0 |       9 | 100.0
     WizLab |       0 |   17489 | 100.0 |       0 |      33 | 100.0
 Desolation |       0 |   36044 | 100.0 |       0 |      76 | 100.0
   Gauntlet |       0 |    3056 | 100.0 |       0 |       7 | 100.0
            +---------+---------+-------+---------+---------+-------

Illustrated notes

Table legend:
 A = Kills in this place as a percentage of kills in entire the game.
 B = Kills by you in this place as a percentage of kills by you in the entire game.
 C = Kills by friends in this place as a percentage of kills by friends in the entire game.
 D = Other kills in this place as a percentage of other kills in the entire game.
 E = Experience gained in this place as a percentage of experience gained in the entire game.
 F = Experience gained in this place divided by the number of levels of this place that you have seen.
                   A       B       C       D       E      F
               +-------+-------+-------+-------+-------+----------------------
         Total | 100.0 | 100.0 |   N/A | 100.0 | 100.0 | 25331.8
       Dungeon |  15.2 |  15.3 |   N/A |   0.0 |   4.2 | 3899.1
          Lair |   8.7 |   8.7 |   N/A |   0.0 |   4.1 | 11498.4
        Shoals |   6.9 |   6.9 |   N/A |  14.3 |   5.6 | 19493.0
     Snake Pit |  10.0 |  10.0 |   N/A |  28.6 |   9.1 | 31783.5
  Orcish Mines |   4.7 |   4.7 |   N/A |   0.0 |   1.1 | 7370.5
   Elven Halls |   5.8 |   5.8 |   N/A |  14.3 |   7.2 | 33556.3
        Vaults |  17.8 |  17.8 |   N/A |  14.3 |  23.6 | 65870.0
        Depths |  11.7 |  11.7 |   N/A |  14.3 |  17.6 | 61447.8
           Zot |  10.0 |  10.0 |   N/A |   0.0 |  21.4 | 59573.8
       Ossuary |   1.6 |   1.6 |   N/A |   0.0 |   0.0 | 334.0
      Ice Cave |   2.2 |   2.2 |   N/A |  14.3 |   1.7 | 24095.0
       Volcano |   0.4 |   0.4 |   N/A |   0.0 |   0.2 | 2726.0
        Wizlab |   1.4 |   1.4 |   N/A |   0.0 |   1.3 | 17489.0
    Desolation |   3.3 |   3.3 |   N/A |   0.0 |   2.6 | 36044.0
      Gauntlet |   0.3 |   0.3 |   N/A |   0.0 |   0.2 | 3056.0
               +-------+-------+-------+-------+-------+----------------------

Table legend: (Time is in decaauts)
 A = Elapsed time spent in this place.
 B = Non-inter-level travel time spent in this place.
 C = Inter-level travel time spent in this place.
 D = Time resting spent in this place.
 E = Time spent auto-exploring this place.
 F = Levels seen in this place.
 G = Mean time per level.
                   A        B        C        D        E       F      G
               +--------+--------+--------+--------+--------+-----+--------+
         Total |  52109 |  47093 |   5016 |   4430 |  26698 |  55 |  947.4 |
       Dungeon |  17733 |  15314 |   2419 |   2237 |   9273 |  15 | 1182.2 |
          Lair |   5608 |   4908 |    700 |    550 |   3259 |   5 | 1121.6 |
        Shoals |   2495 |   2358 |    137 |     98 |    708 |   4 |  623.8 |
     Snake Pit |   4954 |   4629 |    325 |    488 |   2845 |   4 | 1238.5 |
  Orcish Mines |   1874 |   1350 |    524 |    146 |    787 |   2 |  937.0 |
   Elven Halls |   3120 |   2949 |    171 |    135 |   1838 |   3 | 1040.0 |
        Vaults |   6165 |   5811 |    354 |    192 |   3464 |   5 | 1233.0 |
        Depths |   3154 |   2922 |    232 |     32 |   1907 |   4 |  788.5 |
           Zot |   3183 |   3033 |    150 |     36 |   1538 |   5 |  636.6 |
        Bazaar |    292 |    292 |      0 |      0 |    127 |   2 |  146.0 |
       Ossuary |   1107 |   1107 |      0 |    300 |    195 |   1 | 1107.0 |
      Ice Cave |    852 |    852 |      0 |      8 |    435 |   1 |  852.0 |
       Volcano |    190 |    190 |      0 |     52 |      0 |   1 |  190.0 |
        Wizlab |    469 |    469 |      0 |      6 |    139 |   1 |  469.0 |
    Desolation |    484 |    484 |      0 |      0 |      0 |   1 |  484.0 |
      Gauntlet |    422 |    422 |      0 |    150 |    180 |   1 |  422.0 |
               +--------+--------+--------+--------+--------+-----+--------+

Top non-repeatable levels by time:
     D:8: 1860 daAuts
     D:5: 1614 daAuts
     D:9: 1562 daAuts
Vaults:1: 1511 daAuts
     D:6: 1480 daAuts
    D:14: 1360 daAuts
  Lair:3: 1346 daAuts
Vaults:4: 1338 daAuts
     D:7: 1296 daAuts
 Snake:4: 1290 daAuts
Vaults:3: 1284 daAuts
   Elf:1: 1280 daAuts
   Orc:2: 1265 daAuts
 Snake:2: 1263 daAuts
     D:3: 1218 daAuts
